 Dungeon Crawl Stone Soup version 0.31.0-9-g3a7656b989 (webtiles) character file.

Game seed: 4637069332943752498

26455883 puimuR the Sorcerer (level 27, 242/242 HPs)
             Began as a Human Delver on Jan 28, 2024.
             Was a High Priest of the Shining One.
             Escaped with the Orb
             ... and 15 runes
             ... and 5 gems on Jan 29, 2024!
             The game lasted 10:16:54 (57689 turns).

puimuR the Sorcerer (Human Delver)                 Turns: 57689, Time: 10:16:54

Health: 242/242    AC: 47    Str: 26    XL:     27
Magic:  53/53      EV: 21    Int:  8    God:    the Shining One [*****.]
Gold:   3361       SH: 23    Dex: 16    Spells: 67/79 levels left

rFire   + + .        I - +9 broad axe (flame)
rCold   + . .        z - +1 tower shield {AC+3}
rNeg    + + .        P - +8 gold dragon scales
rPois   +            d - +1 hat of Dogma {Str+4 SInv}
rElec   +            T - +0 cloak "Joicohawee" {Regen+ Slay+3}
rCorr   +            H - +3 pair of gloves "Saarakur" {rCorr Int-4 Dex+2}
SInv    +            W - +1 pair of boots {rampage}
Will    ++...        y - amulet of Ibriaj {Spirit Slay+5} Stlth
                     D - +5 ring of evasion
HPRegen 1.40/turn    C - ring "Tuadyteb" {rF+ Slay+4 SInv}
MPRegen 0.33/turn

%: guardian spirit, rampage
@: studying 4 skills
A: explore regen, horns 1, see invisible, clumsy 1, electricity resistance, weak
1, no potion heal 1, inability to drink after injury 1, MP-powered wands
0: Orb of Zot
}: 15/15 runes: decaying, serpentine, slimy, silver, golden, iron, obsidian,
icy, bone, abyssal, demonic, glowing, magical, fiery, dark
a: Renounce Religion, Divine Shield, Cleansing Flame, Summon Divine Warrior


You escaped.
You worshipped the Shining One.
The Shining One was extremely pleased with you.
You visited 18 branches of the dungeon, and saw 88 of its levels.
You visited Pandemonium 1 time, and saw 15 of its levels.
You visited the Abyss 2 times.
You visited 2 ziggurats, and saw 20 of their levels (deepest: 10).
You also visited: Gauntlet and Ice Cave.

You collected 7861 gold pieces.
You spent 4500 gold pieces at shops.

Inventory:

Hand Weapons
 I - a +9 broad axe of flaming (weapon)
 X - a +9 executioner's axe of holy wrath
Missiles
 a - 5 curare-tipped darts (quivered)
 j - 5 silver javelins
 x - 3 darts of dispersal
 L - 2 throwing nets
Armour
 d - the +1 hat of Dogma (worn) {Str+4 SInv}
   (You acquired it on level 1 of the Crypt)

   Str+4:     It affects your strength (+4).
   SInv:      It lets you see invisible.
 f - the +0 helmet of Patterns {rElec rF+ Int+2}
   (You acquired it on level 3 of the Dungeon)

   Int+2:     It affects your intelligence (+2).
   rF+:       It protects you from fire.
   rElec:     It insulates you from electricity.
 z - a +1 tower shield of protection (worn)
 A - the +1 pair of boots "Neitwis" {rF+ Regen+}
   (You bought it in a shop on level 5 of the Vaults)

   rF+:       It protects you from fire.
   Regen+:    It increases your rate of health regeneration.
 H - the +3 pair of gloves "Saarakur" (worn) {rCorr Int-4 Dex+2}
   (You found it on level 15 of the Dungeon)

   Int-4:     It affects your intelligence (-4).
   Dex+2:     It affects your dexterity (+2).
   rCorr:     It protects you from acid and corrosion.
 P - +8 gold dragon scales (worn)
 Q - a scarf of repulsion
 T - the +0 cloak "Joicohawee" (worn) {Regen+ Slay+3}
   (You found it on level 4 of the Vaults)

   Slay+3:    It affects your accuracy & damage with ranged weapons and melee
   (+3).
   Regen+:    It increases your rate of health regeneration.
 W - a +1 pair of boots of rampaging (worn)
Jewellery
 h - the amulet "Viaguen" {Reflect Str+4 Dex+3 SH+5}
   (You acquired it in the Ecumenical Temple)

   [amulet of reflection]

   Reflect:   It reflects blocked missile attacks.
   Str+4:     It affects your strength (+4).
   Dex+3:     It affects your dexterity (+3).
   SH+5:      It affects your SH (+5).
 q - a ring of protection from cold
 y - the amulet of Ibriaj (around neck) {Spirit Slay+5}
   (You found it on level 3 of the Tomb of the Ancients)

   [amulet of guardian spirit]

   Spirit:    It causes incoming damage to be divided between your reserves of
   health and magic.
   Slay+5:    It affects your accuracy & damage with ranged weapons and melee
   (+5).
 B - the ring "Tuumu" {Fly Slay+2}
   (You found it in a Gauntlet)

   [ring of flight]

   Slay+2:    It affects your accuracy & damage with ranged weapons and melee
   (+2).
   Fly:       It grants you flight.
 C - the ring "Tuadyteb" (right hand) {rF+ Slay+4 SInv}
   (You took it off a deep elf annihilator on level 3 of the Elven Halls)

   [ring of slaying]

   Slay+4:    It affects your accuracy & damage with ranged weapons and melee
   (+4).
   rF+:       It protects you from fire.
   SInv:      It lets you see invisible.
 D - a +5 ring of evasion (left hand)
 G - the ring of Peopt {+Blink rF+}
   (You took it off Bai Suzhen on level 5 of the Vaults)

   [ring of protection from fire]

   rF+:       It protects you from fire.
   +Blink:    It lets you blink.
 O - a ring of willpower
 S - a +4 ring of protection
 V - the amulet of Buydaro {Will+ Regen+ Int+6 Dex-2 SInv}
   (You acquired it on level 2 of the Snake Pit)

   [amulet of regeneration]

   Int+6:     It affects your intelligence (+6).
   Dex-2:     It affects your dexterity (-2).
   Will+:     It increases your willpower.
   SInv:      It lets you see invisible.
   Regen+:    It increases your rate of health regeneration.
Talismans
 t - a granite talisman
Wands
 g - a wand of digging (3)
 N - a wand of quicksilver (55)
Scrolls
 c - 3 scrolls of fog
 e - 8 scrolls of fear
 n - 9 scrolls of immolation
 o - a scroll of blinking
 v - 2 scrolls of revelation
 E - 2 scrolls of teleportation
 F - a scroll of butterflies
 U - a scroll of silence
Potions
 b - a potion of might
 i - a potion of mutation
 k - 6 potions of enlightenment
 m - 2 potions of cancellation
 p - 2 potions of attraction
 w - 5 potions of heal wounds
 J - a potion of haste
 K - a potion of ambrosia
 M - 3 potions of berserk rage
 R - 4 potions of resistance
 Y - 5 potions of lignification
 Z - 15 potions of curing
Miscellaneous
 r - a phial of floods
 s - a phantom mirror


   Skills:
 - Level 25.3 Fighting
 - Level 26.0 Axes
 - Level 8.0 Throwing
 - Level 24.0 Armour
 - Level 25.1 Dodging
 - Level 5.7 Stealth
 - Level 20.0 Shields
 + Level 26.8 Spellcasting
 - Level 2.5 Conjurations
 - Level 17.2 Translocations
 - Level 2.5 Air Magic
 - Level 2.5 Alchemy
 - Level 14.0 Invocations
 - Level 5.0 Evocations
 - Level 16.9 Shapeshifting


You had 67 spell levels left.
You knew the following spells:

 Your Spells              Type           Power      Damage    Failure   Level
a - Apportation           Tloc           76%        N/A       1%          1
b - Mephitic Cloud        Conj/Alch/Air  14%        N/A       38%         3
c - Passage of Golubria   Tloc           38%        N/A       1%          4
d - Manifold Assault      Tloc           38%        N/A       1%          4

Your spell library contained the following spells:

 Spells                   Type           Power      Damage    Failure   Level
 Lesser Beckoning         Tloc           76%        N/A       1%          2
 Gell's Gravitas          Tloc           38%        N/A       1%          3
 Teleport Other           Tloc           38%        N/A       1%          3
 Dispersal                Tloc           19%        N/A       5%          6
 Dimensional Bullseye     Hex/Tloc       12%        N/A       12%         4
 Magic Dart               Conj           56%        1d5       14%         1
 Shock                    Conj/Air       56%        1d6       14%         1
 Sting                    Conj/Alch      56%        1d6       14%         1
 Mercury Vapours          Alch/Air       28%        N/A       22%         2
 Searing Ray              Conj           28%        2d5       22%         2
 Static Discharge         Conj/Air       28%        3-5/arc   22%         2
 Kiss of Death            Conj/Necr      48%        2d9       24%         1
 Cigotuvi's Dreadful Rot  Necr/Alch/Air  26%        N/A       30%         2
 Necrotise                Necr           40%        1d6       38%         1
 Sandblast                Erth           20%        2d7       38%         1
 Summon Small Mammal      Summ           40%        N/A       38%         1
 Swiftness                Air            14%        N/A       41%         3
 Call Imp                 Summ           20%        N/A       52%         2
 Ensorcelled Hibernation  Hex/Ice        20%        N/A       52%         2
 Jinxbite                 Hex            20%        N/A       52%         2
 Scorch                   Fire           20%        2d5       52%         2
 Sublimation of Blood     Necr           10%        N/A       52%         2
 Dazzling Flash           Conj/Hex       24%        N/A       58%         3
 Stone Arrow              Conj/Erth      24%        3d8       58%         3
 Call Canine Familiar     Summ           10%        N/A       77%         3
 Confusing Touch          Hex            10%        N/A       77%         3
 Frozen Ramparts          Ice            20%        1d4       77%         3
 Fugue of the Fallen      Necr           10%        N/A       77%         3
 Inner Flame              Hex/Fire       10%        N/A       77%         3
 Ozocubu's Armour         Ice            10%        N/A       77%         3
 Passwall                 Erth           10%        N/A       77%         3
 Sigil of Binding         Hex            10%        N/A       77%         3
 Tukima's Dance           Hex            10%        N/A       77%         3
 Fulminant Prism          Conj/Alch      7%         3d7       80%         4
 Olgreb's Toxic Radiance  Alch           14%        N/A       80%         4
 Airstrike                Air            7%         2d(1-17)  82%         4
 Brom's Barrelling Bould  Conj/Erth      12%        2d4       94%         4
 Flame Wave               Conj/Fire      12%        2d6       94%         4
 Ignite Poison            Fire/Alch      12%        N/A       94%         4
 Leda's Liquefaction      Alch/Erth      6%         N/A       94%         4
 Petrify                  Alch/Erth      12%        N/A       94%         4
 Sticky Flame             Fire/Alch      12%        2d5       94%         4
 Summon Lightning Spire   Summ/Air       12%        N/A       94%         4
 Alistair's Intoxication  Alch           9%         N/A       98%         5
 Irradiate                Conj/Alch      7%         3d14      98%         5
 Iskenderun's Battlesphe  Conj           14%        2d7       98%         5
 Anguish                  Hex/Necr       5%         N/A       99%         4
 Animate Armour           Summ/Erth      20%        N/A       99%         4
 Cause Fear               Hex            5%         N/A       99%         4
 Dispel Undead            Necr           10%        3d9       99%         4
 Summon Blazeheart Golem  Fire/Summ      10%        N/A       99%         4
 Freezing Cloud           Conj/Ice/Air   6%         6-21      99%         5
 Borgnjor's Vile Clutch   Necr/Erth      5%         N/A       100%        5
 Curse of Agony           Necr           10%        N/A       100%        5
 Fireball                 Conj/Fire      6%         3d5       100%        5
 Lee's Rapid Deconstruct  Erth           5%         3d6*      100%        5
 Metabolic Englaciation   Hex/Ice        5%         N/A       100%        5
 Silence                  Hex/Air        6%         N/A       100%        5
 Yara's Violent Unravell  Hex/Alch       6%         3d5       100%        5
 Bombard                  Conj/Erth      6%         9d2       100%        6
 Eringya's Noxious Bog    Alch           7%         4d6       100%        6
 Sculpt Simulacrum        Ice/Alch       6%         N/A       100%        6
 Starburst                Conj/Fire      6%         6d4       100%        6
 Summon Cactus Giant      Summ           5%         N/A       100%        6
 Enfeeble                 Hex            5%         N/A       100%        7
 Haunt                    Necr/Summ      5%         N/A       100%        7
 Malign Gateway           Summ/Tloc      12%        N/A       100%        7
 Monstrous Menagerie      Summ           5%         N/A       100%        7
 Orb of Destruction       Conj           7%         9d6       100%        7
 Ozocubu's Refrigeration  Ice            5%         4d8       100%        7
 Spellforged Servitor     Conj/Summ      6%         N/A       100%        7
 Summon Hydra             Summ           5%         N/A       100%        7
 Borgnjor's Revivificati  Necr           5%         N/A       100%        8
 Discord                  Hex            5%         N/A       100%        8
 Ignition                 Fire           5%         3d4       100%        8
 Lehudib's Crystal Spear  Conj/Erth      6%         10d3      100%        8
 Summon Horrible Things   Summ           5%         N/A       100%        8
 Death's Door             Necr           5%         N/A       100%        9


Dungeon Overview and Level Annotations

Branches:
Dungeon (15/15)            Temple (1/1) D:4            Lair (5/5) D:8
  Swamp (4/4) Lair:3        Snake (4/4) Lair:2        Slime (5/5) Lair:4
    Orc (2/2) D:12            Elf (3/3) Orc:2        Vaults (5/5) D:14
  Crypt (3/3) Vaults:2       Tomb (3/3) Crypt:3      Depths (4/4) D:15
   Hell (visited)             Dis (7/7) Hell            Geh (7/7) Hell
    Coc (7/7) Hell            Tar (7/7) Hell            Zot (5/5) Depths:4
  IceCv (visited)         Gauntlet (visited)

Altars:
Ashenzari
Cheibriados
Dithmenos
Elyvilon
Fedhas
Gozag
Hepliaklqana
Kikubaaqudgha
Makhleb
Nemelex Xobeh
Okawaru
Qazlal
Ru
Trog
Uskayaw
Vehumet
Wu Jian
Xom
Yredelemnul
Zin
The Shining One
Jiyva
Lugonu

Shops:
D:10 (   Orc:1 !?**(   Orc:2 (?*!   Snake:1 (   Snake:2 ?([   Vaults:5 ([
Depths:1 *(

Portals:
Hell: Depths:1 Depths:2 Depths:3 Depths:4
Abyss: Dis:6 Depths:1 Depths:3 Depths:4
Pandemonium: Depths:1 Depths:2

Annotations:
D:11 4 transporters
D:12 exclusion: downstairs
Lair:5 exclusion: obsidian statue
Swamp:2 Nikola
Crypt:3 Frederick
Coc:3 exclusion: ice statue


Innate Abilities, Weirdness & Mutations

You regain HP and MP as you explore.
You have a pair of small horns on your head.
You have supernaturally acute eyesight. (SInv)
You are clumsy. (Dex -2)
You are resistant to electric shocks. (rElec)
You are weak. (Str -2)
Potions are less effective at restoring your health.
You occasionally lose the ability to drink potions when taking damage.
You expend magic power (3 MP) to strengthen your wands.


Message History

A mysterious force pulls you upwards. The hatch slams shut behind you.
An Asyl Gysk, a tormentor and a soul eater come into view.
The tormentor roars!
Asyl Gysk gestures at you.
The orb of electricity explodes!
The orb of electricity engulfs you! You resist.
A hellephant comes into view.
There is a stone staircase leading up here.
You climb upwards.
There is a stone staircase leading down here.
You slice the hellephant!! You burn the hellephant.
The hellephant is lightly wounded.
You slash the hellephant! You burn the hellephant. You headbutt the hellephant!
The hellephant is moderately wounded.
The hellephant blinks!
The hellephant breathes flames at you. The blast of flame hits you! You resist.
The hellephant breathes flames at you. The blast of flame misses you.
The hellephant blinks!
Aiming: Dig
Press: ? - help, Shift-Dir - straight line A rock wall.
This square is lit by a halo and is covered in magical glow.
You feel a surge of power!
The rock shatters into small pieces.
A red devil comes into view. It is wielding a +0 trident.
You block the red devil's attack.
You slice the red devil!! You headbutt the red devil!
You kill the red devil!
The Shining One accepts your kill.
You feel your power returning.
You see here a +0 club.
Unknown command.
There is an escape hatch in the ceiling here.
A mysterious force pulls you upwards. The hatch slams shut behind you.
A Tzitzimitl comes into view.
The Tzitzimitl moves out of view.
A profane servitor comes into view. It is wielding a +1 whip.
There is a staircase leading out of the dungeon here.
You have escaped! ..'.....# #.#.##... .......## PP.PPPP.♣PP

P#........ ...)...#
P♣P♣PPP.P♣P♣♣♣P#........ #.....##
♣P♣..♣PPPPP.PPP#.####.## ...####
♣PPPP♣♣PPP.PP.P#.)....#
##.######.PPPP♣PPPPPPPPP#.####...
........#################.### .
#.........................#.. .
#........1.A....@.........#.#
#.........................#.####
#.......#################.#....#
........#♣P.PPPPPP.P.P♣ #.'....#
#.......#P..PPPP♣♣P♣.P♣ #.#....#
#.......#P.PPP♣.P♣PP.P.P#.#....#
#.......#PPP♣.PP.♣.PP.P.#.######
#1......#P.. PPP.PP.P♣♣P#.# #.
#.####+## #.# ###.


You could see a profane servitor and a Tzitzimitl.

Vanquished Creatures
  Cerebov (Pan)
  Asmodeus (Geh:7)
  Ereshkigal (Tar:7)
  the Royal Jelly (Slime:5)
  Gloorx Vloq (Pan)
  the Serpent of Hell (Geh:7)
  6 dread liches
  3 orbs of fire (Zot:5)
  5 ancient liches (Zot:5)
  Mennas (Depths:3)
  Dispater (Dis:7)
  2 juggernauts (Dis:7)
  Xtahua (Vaults:3)
  3 royal mummies
  11 shard shrikes
  Bai Suzhen (Vaults:5)
  5 Killer Klowns
  4 pandemonium lords
  Saint Roka (Depths:1)
  Geryon (Hell)
  A curse toe (Zot:2)
  12 caustic shrikes
  Margery (Vaults:3)
  20 profane servitors
  7 golden dragons
  3 pearl dragons
  8 Tzitzimimeh
  18 bone dragons
  6 doom hounds
  13 Brimstone Fiends
  7 iron giants
  An electric golem (Zot:5)
  22 tentacled monstrosities
  Jorgrun (D:13)
  A spectral shard shrike (Tar:1)
  16 hellephants
  18 tainted leviathans
  16 Hell Sentinels
  10 Ice Fiends
  22 Orb Guardians
  Grunn (Crypt:2)
  13 liches
  7 deep elf blademasters
  2 walking frostbound tomes
  Murray (Depths:4)
  6 deep elf master archers
  18 titans
  6 quicksilver dragons
  15 acid blobs
  8 searing wretches
  44 tentacled starspawn
  3 death cobs
  33 ancient champions
  12 sphinxes
  8 shadow dragons
  6 tengu reavers
  9 Executioners (Pan)
  14 nagarajas
  Aizul (Swamp:3)
  10 storm dragons
  9 protean progenitors
  Kirke (D:14)
  A thorn hunter (Swamp:4)
  13 fire giants
  A fenstrider witch (Swamp:3)
  7 rockslimes
  5 revenants
  7 draconian knights
  14 azure jellies
  5 deep elf sorcerers
  11 draconian monks
  21 frost giants
  4 demonspawn warmongers (Pan)
  6 quicksilver elementals
  The ghost of reggie the Thaumaturge, a journeyman DrHW of Sif Muna (Swamp:4)
  10 narguns
  An emperor scorpion (Zig:10)
  16 vault wardens
  3 draconian shifters
  7 draconian scorchers
  12 iron dragons
  9 ghost moths
  8 shard shrike simulacra
  14 ghouls
  27 balrugs
  A demonspawn blood saint (Pan)
  17 cacodemons
  9 deep elf elementalists
  3 orc warlords
  6 draconian stormcallers
  3 demonspawn corrupters (Pan)
  A caustic shrike zombie (Hell)
  4 curse skulls
  2 broodmothers (Pan)
  10 quicksilver oozes
  15 reapers
  7 angels
  4 spectral caustic shrikes
  29 ironbound preservers
  26 very ugly things
  4 ironbound thunderhulks
  9 elemental wellsprings
  2 ophanim
  2 formless jellyfish
  4 vampire knights
  16 black draconians
  5 eleionomae
  2 juggernaut skeletons (Pan)
  12 demonspawn black suns
  7 draconian annihilators
  15 stone giants
  5 caustic shrike skeletons (Pan)
  18 putrid mouths
  19 white draconians
  8 green draconians
  13 deep elf death magi
  8 deep elf demonologists
  10 wendigos
  12 purple draconians
  2 spark wasps (Depths:2)
  Azrael (D:13)
  8 lorocyprocas
  2 dire elephants
  A minotaur (Gauntlet)
  2 bennus (Tomb:2)
  10 red draconians
  13 deep elf annihilators
  4 bunyips
  9 yellow draconians
  33 war gargoyles
  10 eidola
  2 spectral quicksilver dragons
  10 iron golems
  7 blizzard demons
  8 fire dragons
  14 ettins
  13 mummy priests
  Josephine (Orc:1)
  3 crystal guardians
  4 jiangshi
  18 yaktaur captains
  8 green deaths
  6 deep elf high priests
  3 entropy weavers
  6 rakshasas
  2 spectral spriggans
  A shambling mangrove (Swamp:3)
  8 caustic shrike simulacra
  Fannar (Lair:3)
  5 great orbs of eyes
  7 salamander tyrants
  17 hydras
  A peacekeeper (Vaults:2)
  4 ice dragons
  28 vault guards
  A spectral tengu (Zig:3)
  5 hell beasts
  4 ogre magi
  4 juggernaut simulacra
  2 spriggan air magi
  3 ghost crabs
  12 alligators
  A two-headed ogre (shapeshifter) (Vaults:5)
  3 death knights
  5 centaur warriors
  33 dancing weapons
  13 ironbound frosthearts
  9 anacondas
  5 boulder beetles
  5 radroaches
  2 stokers
  A sphinx skeleton (Depths:3)
  A fenstrider witch skeleton (Crypt:3)
  2 jorogumos
  A torpor snail (shapeshifter) (Abyss:6)
  22 two-headed ogres
  17 naga warriors
  5 deep troll shamans
  7 tengu warriors
  5 orc high priests
  35 hell hogs
  85 thrashing horrors
  6 vampire magi
  24 death scarabs (Tomb:1)
  7 naga sharpshooters
  6 deep troll earth magi
  12 death yaks
  The ghost of Tizio the Protected, a journeyman VSFi of Ru (Orc:2)
  2 occultists
  4 spriggans
  18 shock serpents
  2 spectral emperor scorpions (Pan)
  2 spectral dire elephants
  24 soul eaters
  3 spriggan berserkers
  A holy swine (Abyss:5)
  26 deep elf knights
  A demonic crawler (Abyss:5)
  3 hellephant skeletons (Pan)
  26 sun demons
  5 crystal echidnas
  3 spectral death yaks (Lair:5)
  15 hell knights
  23 wretched stars
  17 shadow wraiths
  A storm dragon zombie (Crypt:3)
  Nergalle (Lair:3)
  An iron giant zombie (Tar:1)
  5 iron trolls
  10 sixfirhies
  A skyshark (Lair:5)
  5 salamander mystics
  5 flayed ghosts
  5 goliath frogs
  28 skeletal warriors
  2 sea snakes (Snake:3)
  9 spatial maelstroms
  2 spriggan druids
  5 glowing orange brains
  9 swamp dragons
  61 deep trolls
  4 arcanists
  76 large abominations
  7 quicksilver dragon simulacra
  11 mana vipers
  5 sun moths (Pan)
  A sun moth (shapeshifter) (Vaults:5)
  16 deep elf archers
  10 shadow demons
  A deep troll (shapeshifter) (Vaults:4)
  An orb spider (Abyss:5)
  2 spectral anacondas
  A mana viper (shapeshifter) (Vaults:5)
  7 naga ritualists
  11 necromancers
  A steelbarb worm (shapeshifter) (Depths:4)
  2 obsidian statues
  6 bog bodies
  16 ironbound convokers
  A golden dragon skeleton (Depths:3)
  A spriggan simulacrum (Coc:2)
  An orange crystal statue (IceCv)
  A bunyip skeleton (Hell)
  Pikel (D:7)
  32 deep elf pyromancers
  3 lindwurms
  12 orc knights
  6 human zombies
  12 phantasmal warriors
  2 wolf spiders
  2 steelbarb worms
  4 harpies (Abyss:5)
  A stone giant zombie (Tomb:1)
  5 cyclopes
  24 deep elf zephyrmancers
  A will-o-the-wisp (Abyss:5)
  Maurice (Orc:1)
  39 ugly things
  11 salamanders
  3 orc sorcerers
  3 manticores
  27 moths of wrath
  A toenail golem (Abyss:5)
  6 kobold blastminers
  2 stone giant skeletons
  7 ice statues
  A jorogumo skeleton (Crypt:3)
  9 worldbinders
  2 spectral alligator snapping turtles
  3 centaur zombies
  A spectral centaur (Tar:1)
  14 naga magi
  10 rust devils
  5 titan simulacra
  10 apocalypse crabs
  9 guardian serpents
  3 eyes of devastation (Slime:5)
  12 elephants
  A fire giant skeleton (Depths:3)
  38 smoke demons
  45 black mambas
  An iron dragon skeleton (Depths:3)
  19 vault sentinels
  7 cane toads
  8 molten gargoyles
  A dire elephant zombie (Tomb:2)
  2 centaur skeletons
  5 torpor snails
  A storm dragon simulacrum (Coc:1)
  Jeremiah (D:7)
  2 unseen horrors
  14 orange demons
  23 rime drakes
  A yaktaur zombie (Vaults:5)
  27 yaktaurs
  3 kobold demonologists
  27 hellions
  A rime drake (shapeshifter) (D:14)
  12 freezing wraiths
  24 tormentors
  An alligator snapping turtle skeleton (Hell)
  5 efreet
  10 komodo dragons
  2 tengu conjurers (D:15)
  2 ice devils
  An anaconda simulacrum (Coc:5)
  A golden dragon simulacrum (Coc:3)
  An iron giant simulacrum (Coc:7)
  A yellow draconian skeleton (Crypt:2)
  29 ancient zymes
  16 polar bears
  8 trolls
  15 guardian mummies
  10 tyrant leeches
  4 harpy skeletons
  4 red devils
  A spectral harpy (Tar:1)
  A wind drake (Abyss:5)
  5 tarantellas
  A culicivora zombie (Crypt:2)
  A bloated husk (Swamp:3)
  10 hornets
  14 hellwings
  50 raiju
  2 ettin zombies
  5 glass eyes
  A human simulacrum (Vaults:5)
  3 spectral elephants (Lair:5)
  29 blink frogs
  8 dream sheep
  A dream sheep (shapeshifter) (Vaults:5)
  3 stone giant simulacra
  A jumping spider (Zig:10)
  36 slime creatures
  5 shadows
  A culicivora (Zig:10)
  16 wraiths
  An air elemental (Elf:2)
  An alligator snapping turtle simulacrum (Coc:2)
  2 dire elephant simulacra
  4 water elementals
  A wyvern (shapeshifter) (Vaults:4)
  6 ushabtiu
  61 yaks
  A hog (D:14)
  8 wyverns
  24 ynoxinuls
  97 starcursed masses
  7 basilisks
  5 fire elementals
  An unseen horror simulacrum (D:9)
  4 naga simulacra
  5 humans (D:14)
  4 wargs
  4 fire bats (Abyss:5)
  4 golden eyes
  A redback (shapeshifter) (Depths:1)
  31 neqoxecs
  A steam dragon (D:8)
  5 spatial vortices
  A wind drake skeleton (Crypt:2)
  3 redbacks
  7 vampire mosquitoes
  15 chaos spawn
  2 death yak simulacra (Lair:5)
  3 spectral cane toads (Lair:5)
  Menkaure (D:7)
  A naga zombie (Crypt:1)
  10 harpy simulacra
  15 swamp worms
  53 nagas
  An acid dragon (D:11)
  2 hydra simulacra
  17 water moccasins
  An elephant zombie (Crypt:1)
  13 hell hounds
  63 orc warriors
  2 sky beasts
  2 swamp drakes
  A glowing shapeshifter skeleton (Crypt:1)
  A cane toad skeleton (Crypt:2)
  2 black bears (Lair:1)
  2 ettin simulacra
  53 laughing skulls
  9 small abominations
  A wolf (shapeshifter) (D:14)
  15 ogres
  2 lemures (D:7)
  22 wolves
  16 centaurs
  3 elephant skeletons (Lair:5)
  2 phantoms (D:5)
  A hog skeleton (Crypt:2)
  2 weeping skulls (Abyss:5)
  A rime drake skeleton (Crypt:1)
  A gnoll sergeant (D:9)
  5 kobold brigands
  14 brain worms
  4 bullfrogs
  8 necrophages
  4 earth elementals
  A warg zombie (Crypt:2)
  2 cane toad simulacra (Lair:5)
  8 wights
  3 killer bees (D:9)
  An elephant simulacrum (Lair:5)
  5 howler monkeys
  A yak skeleton (Crypt:3)
  2 vampire bats (Abyss:5)
  A bullfrog zombie (Crypt:1)
  11 electric eels
  3 crimson imps (Gauntlet)
  3 jellies
  Crazy Yiuf (D:3)
  2 bombardier beetles
  19 orc priests
  7 hounds
  8 iron imps (Crypt:2)
  25 orc wizards
  2 human skeletons (Crypt:1)
  A tengu skeleton (Crypt:3)
  33 mummies
  7 gnolls
  2 adders (D:4)
  3 white imps
  A howler monkey simulacrum (D:9)
  4 ufetubi (D:6)
  An adder zombie (Crypt:2)
  An iguana skeleton (Crypt:3)
  3 dart slugs
  A ribbon worm (D:3)
  86 orcs
  11 ball pythons
  A bat zombie (Crypt:3)
  7 endoplasms
  3 giant cockroaches
  13 goblins
  9 hobgoblins
  3 quokkas
  7 bats
  A dart slug zombie (Crypt:3)
  2 frilled lizards (D:1)
  A goblin zombie (Crypt:3)
  A hobgoblin zombie (Crypt:1)
  25 kobolds
  4 rats
  4 aspiring fleshes
  6 butterflies
  4 creeping infernos
  9 fire vortices
  4 lurking horrors
  17 starspawn tentacles
4005 creatures vanquished.

Vanquished Creatures (collateral kills)
  Antaeus (Coc:7)
  Mnoleg (Pan)
  Khufu (Crypt:1)
  A juggernaut (Dis:7)
  11 royal mummies
  A shard shrike (Coc:7)
  A caustic shrike (Dis:6)
  A profane servitor (Tar:3)
  A golden dragon (Zot:2)
  9 bone dragons
  5 Hell Sentinels
  3 hellephants
  An Orb Guardian (Zot:5)
  2 liches
  5 titans
  3 Ice Fiends (Coc:7)
  A tentacled monstrosity (Zot:2)
  3 tainted leviathans
  2 deep elf master archers
  6 searing wretches
  3 ancient champions
  An eldritch tentacle (Pan)
  3 azure jellies
  3 revenants
  2 fire giants (Tomb:3)
  A daeva (Zig:8)
  A storm dragon (Zot:2)
  A draconian knight (Zot:2)
  A draconian shifter (Zig:9)
  A protean progenitor (Pan)
  A nargun (Coc:7)
  2 balrugs (Geh:7)
  2 iron dragons (Dis:7)
  2 frost giants
  2 ghost moths (Zig:10)
  2 cacodemons
  A draconian stormcaller (Zot:2)
  2 angels (Abyss:5)
  2 caustic shrike zombies (Tomb:3)
  A stone giant (Tomb:3)
  A demonspawn blood saint (Zig:8)
  5 bennus
  A green draconian (Zot:2)
  2 putrid mouths
  A red draconian (Tomb:2)
  A wendigo (Coc:7)
  2 iron golems
  A white draconian (Zot:2)
  8 mummy priests
  A green death (Zig:8)
  A deep elf high priest (Zig:8)
  A blizzard demon (Zig:10)
  An entropy weaver (Zig:10)
  2 salamander tyrants (Geh:7)
  A caustic shrike simulacrum (Tomb:3)
  A radroach (Zot:2)
  A hell beast (Dis:6)
  A stoker (Geh:4)
  A dancing weapon (Zig:8)
  A death scarab (Tomb:1)
  A hell hog (Zig:6)
  A spectral emperor scorpion (Pan)
  A holy swine (Abyss:5)
  A sun demon (D:10)
  3 thrashing horrors (Abyss:7)
  A crystal echidna (Dis:7)
  A deep elf knight (Tomb:3)
  A sixfirhy (Abyss:7)
  A wretched star (Abyss:7)
  5 skeletal warriors
  A titan skeleton (Tomb:3)
  A storm dragon skeleton (Tomb:3)
  2 shadow demons (Pan)
  A cherub (D:10)
  A flayed ghost (Pan)
  A quicksilver dragon simulacrum (Coc:7)
  A deep elf archer (Zig:9)
  A sun moth (Pan)
  3 deep elf zephyrmancers (Zig:8)
  2 steelbarb worms (Zig:10)
  2 spriggan simulacra (Zig:10)
  A deep elf pyromancer (Zig:8)
  4 large abominations (Abyss:7)
  An apocalypse crab (Abyss:5)
  2 orange demons
  A smoke demon (Abyss:7)
  A molten gargoyle (Geh:7)
  2 hellions
  2 tormentors
  A freezing wraith (Coc:7)
  5 ancient zymes (Abyss:7)
  An ice devil (Zig:10)
  30 guardian mummies
  A raiju (Abyss:7)
  A ynoxinul (Abyss:7)
  16 ushabtiu
  2 neqoxecs
  2 hell hounds (Abyss:7)
  3 starcursed masses (Abyss:7)
  14 mummies
  A creeping inferno (Geh:4)
  A fire vortex (Geh:4)
  A lurking horror (Dis:6)
  A starspawn tentacle (Abyss:7)
253 creatures vanquished.

Vanquished Creatures (others)
  2 titans (Pan)
  An Executioner (Pan)
  A fenstrider witch (Pan)
  A nagaraja (Pan)
  A draconian knight (Zot:3)
  A draconian scorcher (Zig:9)
  2 reapers (Pan)
  A spark wasp (Depths:2)
  A war gargoyle (Hell)
  A deep elf annihilator (Pan)
  A blizzard demon (Pan)
  A rakshasa (Pan)
  2 juggernaut simulacra
  A caustic shrike simulacrum (Coc:6)
  A salamander tyrant (Geh:7)
  A vault guard (Vaults:5)
  An alligator (Swamp:3)
  A hell hog (Hell)
  3 thrashing horrors (Abyss:7)
  A deep elf knight (Elf:2)
  A crystal echidna (Dis:6)
  A spatial maelstrom (Abyss:7)
  A quicksilver dragon simulacrum (Coc:6)
  A deep elf archer (Zig:9)
  A spriggan simulacrum (Coc:4)
  2 deep elf zephyrmancers (Elf:2)
  2 large abominations
  An apocalypse crab (Abyss:7)
  A guardian serpent (Zig:7)
  A titan simulacrum (Coc:7)
  A smoke demon (Abyss:6)
  A kobold demonologist (Abyss:5)
  A hellion (Geh:7)
  An iron giant simulacrum (Coc:7)
  A bloated husk (Swamp:4)
  2 raiju
  A jumping spider (Zig:10)
  A spriggan (Swamp:4)
  A ynoxinul (Pan)
  A naga simulacrum (Coc:4)
  A golden eye (Abyss:6)
  A neqoxec (Pan)
  A chaos spawn (Pan)
  A swamp worm (Swamp:4)
  A harpy simulacrum (Coc:7)
  2 laughing skulls (Abyss:5)
  A kobold brigand (D:12)
  An iron imp (Crypt:2)
  2 mummies (Tomb:3)
  A kobold (D:12)
  9 ball lightnings (Pan)
  2 creeping infernos
  3 fire vortices
  4 foxfires (Abyss:5)
  2 lurking horrors
  71 starspawn tentacles
151 creatures vanquished.

Grand Total: 4409 creatures vanquished

Notes
Turn   | Place    | Note
-------+----------+-------------------------------------------
     0 | D:5      | puimuR the Human Delver began the quest for the Orb.
     0 | D:5      | Reached XP level 1. HP: 18/18 MP: 1/1
     9 | D:5      | Noticed an orc priest
    48 | D:4      | Noticed an orc wizard
    48 | D:4      | Noticed an orc wizard
    52 | D:4      | Noticed an orc wizard
    52 | D:4      | Noticed an orc wizard
    52 | D:4      | Noticed an orc wizard
   144 | D:4      | Noticed a howler monkey
   163 | D:4      | Killed a howler monkey
   164 | D:4      | Reached XP level 2. HP: 21/24 MP: 2/2
   164 | D:4      | Reached XP level 3. HP: 26/29 MP: 3/3
   187 | D:4      | Reached XP level 4. HP: 35/35 MP: 4/4
   271 | D:3      | Found a faded altar of an unknown god.
  1036 | D:3      | Found a runed translucent door.
  1036 | D:3      | Noticed Crazy Yiuf
  1253 | D:3      | Reached XP level 5. HP: 41/42 MP: 5/5
  1423 | D:4      | Found a staircase to the Ecumenical Temple.
  1433 | Temple   | Entered the Ecumenical Temple
  1448 | Temple   | Became a worshipper of Warmaster Okawaru
  1465 | Temple   | Identified 2 scrolls of acquirement
  1466 | Temple   | Acquired the amulet "Viaguen" {Reflect Str+4 Dex+3 SH+5}
  1709 | D:4      | Reached XP level 6. HP: 38/48 MP: 6/6
  2112 | D:3      | Acquired the +0 helmet of Patterns {rElec rF+ Int+2}
  2135 | D:3      | Killed Crazy Yiuf
  2135 | D:3      | Reached * piety under Okawaru
  2136 | D:3      | Reached skill level 5 in Axes
  2388 | D:5      | Reached XP level 7. HP: 54/54 MP: 7/7
  2477 | D:4      | Learned a level 4 spell: Passage of Golubria
  2649 | D:5      | Found an ancient bone altar of Kikubaaqudgha.
  2756 | D:6      | Noticed a wyvern
  2766 | D:6      | Killed a wyvern
  2767 | D:6      | Reached XP level 8. HP: 60/60 MP: 5/8
  2778 | D:6      | Found a glowing golden altar of the Shining One.
  2798 | D:7      | Noticed Jeremiah
  2930 | D:7      | Killed Jeremiah
  2930 | D:7      | Reached ** piety under Okawaru
  3044 | D:7      | Noticed Pikel
  3120 | D:7      | Killed Pikel
  3121 | D:7      | Reached skill level 10 in Axes
  3121 | D:7      | Reached XP level 9. HP: 41/65 MP: 6/9
  3156 | D:6      | Found a bloodstained altar of Trog.
  3178 | D:6      | Reached *** piety under Okawaru
  3183 | D:6      | Found a shadowy altar of Dithmenos.
  3185 | D:6      | Found a sparkling altar of Nemelex Xobeh.
  3187 | D:6      | Found an ornate altar of the Wu Jian Council.
  3188 | D:6      | Found a shimmering altar of Xom.
  3544 | D:7      | Noticed Menkaure
  3567 | D:7      | Killed Menkaure
  3663 | D:7      | Noticed a two-headed ogre
  3964 | D:8      | Reached skill level 1 in Armour
  4002 | D:8      | Noticed a troll
  4070 | D:8      | Reached **** piety under Okawaru
  4071 | D:8      | Reached skill level 5 in Fighting
  4139 | D:8      | Reached XP level 10. HP: 71/74 MP: 10/10
  4570 | D:8      | Reached skill level 1 in Invocations
  4706 | D:9      | Noticed a two-headed ogre
  4938 | D:7      | Killed a two-headed ogre
  4939 | D:7      | Reached skill level 5 in Dodging
  5119 | D:9      | Noticed a cyclops
  5141 | D:9      | Killed a cyclops
  5176 | D:8      | Found a staircase to the Lair.
  5382 | D:8      | Reached XP level 11. HP: 76/81 MP: 14/14
  5498 | D:9      | Killed a two-headed ogre
  5656 | D:10     | Entered Level 10 of the Dungeon
  5703 | D:10     | Learned a level 3 spell: Mephitic Cloud
  5716 | D:10     | Noticed a white ugly thing
  5813 | D:10     | Found a transporter.
  5821 | D:10     | Found Rocilamo's Weapon Boutique.
  5861 | D:10     | Found a transporter.
  5999 | D:10     | Reached skill level 1 in Conjurations
  5999 | D:10     | Reached skill level 1 in Air Magic
  5999 | D:10     | Reached skill level 1 in Alchemy
  6161 | D:11     | Found a transporter.
  6163 | D:11     | Found a transporter.
  6167 | D:11     | Found a transporter.
  6223 | D:11     | Found a transporter.
  6511 | D:12     | Found a staircase to the Orcish Mines.
  6536 | D:12     | Reached ***** piety under Okawaru
  6592 | D:12     | Noticed a two-headed ogre
  6609 | D:12     | Killed a two-headed ogre
  6610 | D:12     | Reached skill level 5 in Invocations
  6629 | D:12     | Found a gate leading to a gauntlet.
  6641 | D:12     | Identified the +2 sling of the Ghostly God {flame, *Slow
                  | rF- rN+ Int+7}
  6691 | Gauntlet | Entered a Gauntlet
  6691 | Gauntlet | Found a transporter.
  6691 | Gauntlet | Found a transporter.
  6691 | Gauntlet | Found a transporter.
  6695 | Gauntlet | Found a transporter.
  6707 | Gauntlet | Found a transporter.
  6709 | Gauntlet | Found a transporter.
  6710 | Gauntlet | Found a transporter.
  6710 | Gauntlet | Found a transporter.
  6715 | Gauntlet | Noticed a large abomination
  6717 | Gauntlet | Noticed a thrashing horror
  6717 | Gauntlet | Noticed a thrashing horror
  6718 | Gauntlet | Noticed a large abomination
  6721 | Gauntlet | Found a transporter.
  6723 | Gauntlet | Found a transporter.
  6903 | Gauntlet | Found a transporter.
  6904 | Gauntlet | Found a transporter.
  7011 | Gauntlet | Reached skill level 1 in Shields
  7051 | Gauntlet | Identified the ring "Tuumu" {Fly Slay+2}
  7068 | Gauntlet | Killed a thrashing horror
  7137 | Gauntlet | Noticed a minotaur
  7162 | Gauntlet | Killed a minotaur
  7173 | Gauntlet | Identified the +5 scale mail of Lialae Ziokh {rF+ Will+
                  | Dex+3}
  7234 | D:12     | Found a radiant altar of Vehumet.
  7259 | D:13     | Noticed Azrael
  7259 | D:13     | Noticed a cyclops
  7271 | D:12     | Killed a cyclops
  7272 | D:12     | Reached skill level 5 in Shields
  7283 | D:13     | Reached XP level 12. HP: 76/91 MP: 13/16
  7386 | D:12     | Reached skill level 1 in Evocations
  7505 | Orc:1    | Entered Level 1 of the Orcish Mines
  7505 | Orc:1    | Found Obuoh's Distillery.
  7505 | Orc:1    | Found Sownolu's Magic Scroll Boutique.
  7520 | Orc:1    | Found Tison's Antique Weapon Boutique.
  7520 | Orc:1    | Noticed Maurice
  7533 | Orc:1    | Maurice stole a phial of floods (inert)
  7535 | Orc:1    | Maurice stole an amulet of guardian spirit
  7543 | Orc:1    | Maurice stole a +2 flail of holy wrath
  7545 | Orc:1    | Killed Maurice
  7546 | Orc:1    | Reached skill level 1 in Spellcasting
  7627 | Orc:1    | You are sucked into a shaft and drop 1 floor!
  7627 | Orc:2    | Entered Level 2 of the Orcish Mines
  7627 | Orc:2    | Noticed Josephine
  7627 | Orc:2    | Found a staircase to the Elven Halls.
  7631 | Orc:2    | Found a runed translucent door.
  7638 | Orc:1    | Found Yfor's General Store.
  7681 | Orc:1    | Found Raerec's General Store.
  7757 | Orc:1    | Bought a potion of heal wounds for 85 gold pieces
  7830 | Orc:1    | Killed Josephine
  7830 | Orc:1    | Received a gift from Okawaru
  7865 | Orc:2    | Found a radiant altar of Vehumet.
  7988 | Orc:2    | Noticed an orc warlord
  8053 | Orc:2    | Noticed Tizio's ghost (journeyman VSFi)
  8807 | Orc:2    | Reached XP level 13. HP: 96/96 MP: 19/19
  8832 | Orc:2    | Killed an orc warlord
  8994 | Orc:2    | Found Boasan's General Store.
  8994 | Orc:2    | Found Upiewu Nias's Magic Scroll Emporium.
  8996 | Orc:2    | Found Cisys's Antique Weapon Shoppe.
  8998 | Orc:2    | Found Gule's Distillery.
  9007 | Orc:2    | Bought a potion of cancellation for 88 gold pieces
  9007 | Orc:2    | Bought 2 potions of haste for 220 gold pieces
  9007 | Orc:2    | Bought 2 potions of curing for 66 gold pieces
  9007 | Orc:2    | Bought a potion of heal wounds for 55 gold pieces
  9009 | Orc:2    | Bought a potion of heal wounds for 70 gold pieces
  9086 | Orc:1    | Bought a runed broad axe for 231 gold pieces
  9106 | Orc:1    | Bought a potion of resistance for 170 gold pieces
  9123 | Orc:1    | Bought a scroll of blinking for 120 gold pieces
  9134 | Orc:1    | Bought a potion of haste for 160 gold pieces
  9169 | Orc:1    | Bought a scroll of blinking for 120 gold pieces
  9458 | D:9      | Found the +2 ratskin cloak {*Rats rPois rN+ Str-1 Int-1
                  | Dex+1}
  9477 | D:9      | Reached skill level 15 in Axes
  9630 | Lair:1   | Entered Level 1 of the Lair of Beasts
  9904 | Lair:1   | Received a gift from Okawaru
 10013 | Lair:2   | Reached skill level 5 in Armour
 10350 | Lair:3   | Reached XP level 14. HP: 59/108 MP: 17/20
 10384 | Lair:3   | Found a staircase to the Swamp.
 10385 | Lair:3   | Noticed an eleionoma
 10392 | Lair:3   | Killed an eleionoma
 10402 | Lair:3   | Noticed Nergalle
 10408 | Lair:3   | Killed Nergalle
 10486 | Lair:3   | Reached ****** piety under Okawaru
 10487 | Lair:3   | Acquired a +4 executioner's axe of freezing
 10487 | Lair:3   | Received a gift from Okawaru
 10500 | Lair:3   | Acquired the +18 Lear's hauberk
 10500 | Lair:3   | Received a gift from Okawaru
 10500 | Lair:3   | Found the +18 Lear's hauberk
 10532 | Lair:4   | Found a runed translucent door.
 10532 | Lair:4   | Found a viscous altar of Jiyva.
 10532 | Lair:4   | Noticed an acid blob
 10644 | Lair:4   | Received a gift from Okawaru
 10685 | Lair:5   | Entered Level 5 of the Lair of Beasts
 11020 | Lair:5   | Reached skill level 10 in Fighting
 11025 | Lair:5   | Received a gift from Okawaru
 11026 | Lair:5   | Acquired a +1 pair of boots of rampaging
 11350 | Lair:5   | Received a gift from Okawaru
 11507 | Lair:5   | Reached XP level 15. HP: 107/114 MP: 21/21
 11685 | Lair:5   | Got an earthy gem with 1757 turns to spare
 11834 | Lair:5   | Received a gift from Okawaru
 11864 | Lair:5   | Reached skill level 1 in Throwing
 12033 | Lair:4   | Reached skill level 10 in Shields
 12165 | Swamp:1  | Entered Level 1 of the Swamp
 12208 | Swamp:1  | Identified the +7 flail of Inflation {flame, Fly rCorr
                  | Str+3}
 12405 | Swamp:3  | Noticed a fenstrider witch
 12419 | Swamp:3  | Received a gift from Okawaru
 12431 | Swamp:3  | Killed a fenstrider witch
 12610 | Swamp:3  | Found a glacial archway.
 12618 | Swamp:3  | Received a gift from Okawaru
 12627 | IceCv    | Entered an ice cave
 12736 | IceCv    | Reached XP level 16. HP: 127/127 MP: 22/22
 12842 | IceCv    | Reached skill level 10 in Dodging
 12954 | IceCv    | Received a gift from Okawaru
 13401 | Swamp:4  | Entered Level 4 of the Swamp
 13412 | Swamp:4  | Identified the serpent talisman "Muriruol" {Str+3}
 13412 | Swamp:4  | Noticed Aizul
 13447 | Swamp:3  | Killed Aizul
 13497 | Swamp:4  | Noticed reggie's ghost (journeyman DrHW)
 13497 | Swamp:4  | Found a runed translucent gate.
 13497 | Swamp:4  | Found a runed translucent gate.
 13497 | Swamp:4  | Found a runed translucent gate.
 13507 | Swamp:4  | Noticed a thorn hunter
 13520 | Swamp:4  | Killed a thorn hunter
 13524 | Swamp:4  | Received a gift from Okawaru
 13841 | Swamp:4  | Killed reggie's ghost
 13860 | Swamp:4  | Reached skill level 10 in Armour
 14163 | Swamp:4  | Received a gift from Okawaru
 14164 | Swamp:4  | Reached XP level 17. HP: 95/135 MP: 21/23
 14222 | Swamp:4  | Got a decaying rune of Zot
 14224 | Swamp:4  | Got a mossy gem with 539 turns to spare
 14505 | Swamp:2  | Noticed Nikola
 14567 | Swamp:3  | Paralysed by a hornet for 3 turns
 14692 | Swamp:1  | Received a gift from Okawaru
 14777 | Lair:3   | Noticed Fannar
 14786 | Lair:3   | Killed Fannar
 15044 | Lair:2   | Found a staircase to the Snake Pit.
 15062 | Snake:1  | Entered Level 1 of the Snake Pit
 15166 | Snake:1  | Found Ijiwenk's Antique Weapon Boutique.
 15446 | Lair:2   | Identified the -2 tower shield "Qiclegh" {rN+ Will+++
                  | Dex-5}
 15743 | Snake:1  | Received a gift from Okawaru
 15835 | Snake:1  | Reached skill level 5 in Evocations
 16809 | Snake:2  | Found Zapedaess's Magic Scroll Shop.
 16860 | Snake:2  | Bought a scroll of acquirement for 780 gold pieces
 16878 | Snake:3  | Received a gift from Okawaru
 16897 | Snake:2  | Bought a scroll of blinking for 112 gold pieces
 17466 | Snake:2  | Found Zatusaosy's Antique Armour Shop.
 17469 | Snake:2  | Found Maropnar's Antique Weapon Shop.
 17593 | Snake:3  | Reached XP level 18. HP: 131/144 MP: 24/24
 17781 | Snake:3  | Received a gift from Okawaru
 17847 | Snake:3  | Found a basalt altar of Yredelemnul.
 18008 | Snake:4  | Entered Level 4 of the Snake Pit
 18332 | Snake:4  | Received a gift from Okawaru
 18872 | Snake:4  | Received a gift from Okawaru
 19301 | Snake:4  | Got a serpentine rune of Zot
 19542 | Lair:2   | Acquired the amulet of Buydaro {Will+ Regen+ Int+6 Dex-2
                  | SInv}
 19949 | Elf:1    | Entered Level 1 of the Elven Halls
 20203 | Elf:3    | Entered Level 3 of the Elven Halls
 20225 | Elf:3    | Reached XP level 19. HP: 151/151 MP: 25/25
 20249 | Elf:3    | Received a gift from Okawaru
 20289 | Elf:3    | Reached skill level 15 in Shields
 20415 | Elf:2    | Paralysed by an air elemental for 1 turns
 21390 | Elf:3    | Received a gift from Okawaru
 21536 | Elf:3    | Reached skill level 15 in Fighting
 21546 | Elf:3    | Identified the amulet "Rushah" {RegenMP ^Drain rPois Slay-6
                  | SInv}
 21919 | Elf:3    | Identified the +0 chain mail of Monotheism {^Drain rC+ rN+}
 21976 | Elf:3    | Reached skill level 15 in Armour
 22055 | Elf:3    | Identified the ring "Tuadyteb" {rF+ Slay+4 SInv}
 22236 | Elf:3    | Identified the +7 chain mail "Yjufu" {Str+2 Int+6}
 22461 | Elf:3    | Got Cyad's Information on Alteration
 22544 | Elf:3    | Got the Secrets of the Spheres
 22571 | Elf:3    | Reached XP level 20. HP: 164/164 MP: 26/26
 22942 | Orc:2    | Killed Tizio's ghost
 22986 | Orc:1    | Bought a scroll of teleportation for 48 gold pieces
 22986 | Orc:1    | Bought a scroll of blinking for 120 gold pieces
 22986 | Orc:1    | Bought a scroll of brand weapon for 152 gold pieces
 22986 | Orc:1    | Bought a scroll of identify for 32 gold pieces
 23013 | Orc:1    | Bought a scroll of enchant weapon for 120 gold pieces
 23013 | Orc:1    | Bought a potion of berserk rage for 80 gold pieces
 23031 | Orc:1    | Bought a potion of curing for 51 gold pieces
 23031 | Orc:1    | Bought a potion of curing for 51 gold pieces
 23031 | Orc:1    | Bought a potion of mutation for 136 gold pieces
 23142 | D:13     | Killed Azrael
 23229 | D:13     | Found an opulent altar of Gozag.
 23330 | D:14     | Noticed Kirke
 23342 | D:14     | Killed Kirke
 23400 | D:14     | Found a gate to the Vaults.
 23414 | Vaults:1 | Entered Level 1 of the Vaults
 23467 | Vaults:2 | Received a gift from Okawaru
 23627 | Vaults:2 | Reached skill level 15 in Dodging
 23666 | Vaults:2 | Paralysed by a formless jellyfish for 1 turns
 23991 | Vaults:2 | Found a staircase to the Crypt.
 24328 | Vaults:4 | Noticed Xtahua
 24489 | Vaults:3 | Noticed Margery
 24504 | Vaults:3 | Killed Margery
 24506 | Vaults:3 | Received a gift from Okawaru
 24650 | Vaults:3 | Paralysed by Xtahua for 3 turns
 24664 | Vaults:3 | Killed Xtahua
 24698 | Vaults:4 | Reached XP level 21. HP: 145/171 MP: 27/27
 25137 | Vaults:5 | Entered Level 5 of the Vaults
 25140 | Vaults:5 | Noticed a dread lich
 25236 | Vaults:4 | Received a gift from Okawaru
 25269 | Vaults:4 | Paralysed by a dread lich for 4 turns
 25282 | Vaults:4 | Paralysed by a dread lich for 3 turns
 25380 | Vaults:4 | Killed a dread lich
 25507 | Vaults:4 | Found a transporter.
 25537 | Vaults:4 | Noticed a golden dragon
 25553 | Vaults:4 | Found a transporter.
 25629 | Vaults:4 | Killed a golden dragon
 25689 | Vaults:4 | Identified the +0 cloak "Joicohawee" {Regen+ Slay+3}
 25814 | Vaults:4 | Received a gift from Okawaru
 25994 | Vaults:4 | Learned a level 1 spell: Apportation
 26186 | Vaults:5 | Reached XP level 22. HP: 103/178 MP: 28/28
 26310 | Vaults:5 | Identified the +6 flail "Impslayer" {speed, *Slow Fly rN+}
 26351 | Vaults:5 | Reached skill level 1 in Translocations
 26436 | Vaults:5 | Identified the ring of Peopt {+Blink rF+}
 26436 | Vaults:5 | Noticed Bai Suzhen
 26459 | Vaults:5 | Killed Bai Suzhen
 26539 | Vaults:5 | Received a gift from Okawaru
 26638 | Vaults:5 | Got a silver rune of Zot
 26661 | Vaults:5 | Got a shining gem with 463 turns to spare
 26718 | Vaults:5 | Found Homehohu's Antique Armour Shop.
 26738 | Vaults:5 | Bought a pair of smouldering boots for 237 gold pieces
 26738 | Vaults:5 | Identified the +1 pair of boots "Neitwis" {rF+ Regen+} (You
                  | bought it in a shop on level 5 of the Vaults)
 26748 | Vaults:5 | Bought a pair of embroidered gloves for 187 gold pieces
 26810 | Vaults:5 | Reached skill level 5 in Translocations
 26968 | Vaults:5 | Found Wocwikh's Antique Weapon Boutique.
 27098 | Vaults:5 | Noticed a golden dragon
 27121 | Vaults:5 | Killed a golden dragon
 27121 | Vaults:5 | Received a gift from Okawaru
 28274 | Lair:4   | Found a staircase to the Slime Pits.
 28358 | Slime:1  | Entered Level 1 of the Pits of Slime
 28411 | Slime:1  | Received a gift from Okawaru
 28594 | Slime:5  | Entered Level 5 of the Pits of Slime
 28755 | Slime:5  | Noticed the Royal Jelly
 28844 | Slime:5  | Killed the Royal Jelly
 28845 | Slime:5  | Reached XP level 23. HP: 77/184 MP: 19/29
 29058 | Slime:5  | Identified the +1 scale mail of the Moneychanger {rC+}
 29115 | Slime:5  | Got a slimy rune of Zot
 29124 | Slime:5  | Got the Catalogue of the Forest
 29141 | Slime:5  | Got the Incunable of Anthracomancy
 29221 | Slime:4  | Fell from the grace of Okawaru
 29427 | D:6      | Became a worshipper of the Shining One
 29712 | Crypt:1  | Entered Level 1 of the Crypt
 29740 | Crypt:1  | Reached * piety under the Shining One
 29814 | Crypt:1  | Noticed a royal mummy
 29834 | Crypt:1  | Killed a royal mummy
 29848 | Crypt:1  | Noticed Khufu
 29918 | Crypt:1  | Reached ** piety under the Shining One
 30045 | Crypt:1  | Reached *** piety under the Shining One
 30131 | Crypt:2  | Reached **** piety under the Shining One
 30174 | Crypt:3  | Entered Level 3 of the Crypt
 30188 | Crypt:3  | Identified the orb of Dramatic Exits {*channel, Str+5}
 30188 | Crypt:3  | Noticed Frederick
 30230 | Crypt:2  | Found a basalt altar of Yredelemnul.
 30239 | Crypt:2  | Reached ***** piety under the Shining One
 30452 | Crypt:2  | Noticed Grunn
 30471 | Crypt:2  | Reached skill level 10 in Invocations
 30495 | Crypt:2  | Killed Grunn
 30571 | Crypt:2  | Reached ****** piety under the Shining One
 30897 | Crypt:3  | Reached skill level 5 in Spellcasting
 31051 | Crypt:3  | Noticed a curse toe
 31051 | Crypt:3  | Noticed a curse toe
 31222 | Crypt:3  | Found a staircase to the Tomb.
 31292 | Tomb:1   | Entered Level 1 of the Tomb of the Ancients
 31375 | Tomb:1   | Acquired 814 gold pieces
 31602 | Tomb:1   | Noticed a royal mummy
 31697 | Tomb:1   | Reached skill level 5 in Throwing
 31713 | Tomb:1   | Reached XP level 24. HP: 160/193 MP: 32/32
 31714 | Tomb:1   | Noticed a royal mummy
 31946 | Tomb:1   | Killed a royal mummy
 32163 | Tomb:2   | Noticed a royal mummy
 32262 | Tomb:2   | Noticed a royal mummy
 32268 | Tomb:2   | Killed a royal mummy
 32269 | Tomb:2   | Noticed a royal mummy
 32273 | Tomb:2   | Killed a royal mummy
 32309 | Tomb:2   | Noticed a royal mummy
 32443 | Tomb:3   | Entered Level 3 of the Tomb of the Ancients
 32450 | Tomb:3   | Found the necklace of Bloodlust {Fury *Rage Will++ Int-3
                  | Slay+6}
 32483 | Tomb:3   | Identified the amulet "Eptetoe" {RegenMP Harm Str+4 Dex+2}
 32484 | Tomb:3   | Identified the amulet of Ibriaj {Spirit Slay+5}
 32503 | Tomb:3   | Noticed a royal mummy
 32504 | Tomb:3   | Noticed a royal mummy
 32504 | Tomb:3   | Noticed a royal mummy
 32509 | Tomb:3   | Killed a royal mummy
 32516 | Tomb:3   | Killed a royal mummy
 32520 | Tomb:3   | Killed a royal mummy
 32539 | Tomb:3   | Noticed a royal mummy
 32547 | Tomb:3   | Killed a royal mummy
 32553 | Tomb:3   | Noticed a royal mummy
 32558 | Tomb:3   | Killed a royal mummy
 32576 | Tomb:3   | Noticed a royal mummy
 32580 | Tomb:3   | Noticed a royal mummy
 32588 | Tomb:3   | Killed a royal mummy
 32588 | Tomb:3   | Killed a royal mummy
 32592 | Tomb:3   | Noticed a royal mummy
 32592 | Tomb:3   | Noticed a royal mummy
 32593 | Tomb:3   | Identified a +7 executioner's axe of holy wrath (a +5
                  | executioner's axe of freezing blessed by the Shining One)
 32593 | Tomb:3   | Received a gift from the Shining One
 32596 | Tomb:3   | Killed a royal mummy
 32600 | Tomb:3   | Killed a royal mummy
 32601 | Tomb:3   | Identified the +8 dagger of Yhedu {elec, Will+ Int-3 Dex+4}
 32604 | Tomb:3   | Identified the +1 plate armour of the Hippogriff {rPois
                  | Slay+5}
 32633 | Tomb:3   | Got a golden rune of Zot
 32807 | Tomb:1   | Killed a royal mummy
 32963 | Crypt:1  | Killed Khufu
 33108 | Zig:1    | Entered Level 1 of a ziggurat
 33122 | Zig:1    | Acquired a manual of Translocations
 33146 | Zig:2    | Entered Level 2 of a ziggurat
 33158 | Zig:3    | Entered Level 3 of a ziggurat
 33169 | Zig:3    | Reached XP level 25. HP: 203/207 MP: 30/33
 33174 | Zig:4    | Entered Level 4 of a ziggurat
 33195 | Zig:5    | Entered Level 5 of a ziggurat
 33247 | Zig:6    | Entered Level 6 of a ziggurat
 33311 | Zig:7    | Entered Level 7 of a ziggurat
 33355 | Zig:8    | Entered Level 8 of a ziggurat
 33386 | Zig:8    | Noticed Qefeirri the pandemonium lord
 33407 | Zig:8    | Killed Qefeirri the pandemonium lord
 33419 | Zig:8    | Got the Reference Book on Argyropoeia and Misfortune
 33453 | Zig:9    | Entered Level 9 of a ziggurat
 33547 | Zig:10   | Entered Level 10 of a ziggurat
 33741 | D:15     | Entered Level 15 of the Dungeon
 33831 | D:15     | Found a staircase to the Depths.
 33834 | D:15     | Got a smoky gem with 279 turns to spare
 33843 | D:15     | Was forgiven by Okawaru
 33912 | Depths:1 | Entered Level 1 of the Depths
 33912 | Depths:1 | Noticed Saint Roka
 33933 | Depths:1 | Killed Saint Roka
 33975 | Depths:1 | Found Utygam's Weapon Boutique.
 33980 | Depths:1 | Found Yfiduz's General Store.
 33986 | Depths:1 | Bought a potion of curing for 57 gold pieces
 33986 | Depths:1 | Bought a scroll of teleportation for 57 gold pieces
 33999 | Depths:1 | Found a one-way gate leading to the halls of Pandemonium.
 34159 | Depths:1 | Found a one-way gate to the infinite horrors of the Abyss.
 34327 | Depths:3 | Found a shadowy altar of Dithmenos.
 34392 | Depths:3 | Paralysed by a vampire knight for 2 turns
 34517 | Depths:3 | Found a gateway to Hell.
 34526 | Depths:3 | You fall into a shaft and drop 1 floor!
 34526 | Depths:4 | Entered Level 4 of the Depths
 34542 | Depths:4 | Reached XP level 26. HP: 204/215 MP: 32/33
 35000 | Depths:2 | Found a one-way gateway to a ziggurat.
 35010 | Depths:2 | Reached skill level 10 in Translocations
 35024 | Zig:1    | Entered Level 1 of a ziggurat
 35035 | Zig:2    | Entered Level 2 of a ziggurat
 35050 | Zig:3    | Entered Level 3 of a ziggurat
 35062 | Zig:3    | Identified the staff "Rosoacij" {rPois Conj}
 35094 | Zig:4    | Entered Level 4 of a ziggurat
 35109 | Zig:4    | Identified the ring of Pride {*Slow rPois Dex+3 Stlth+}
 35117 | Zig:5    | Entered Level 5 of a ziggurat
 35120 | Zig:5    | Noticed a shard shrike
 35126 | Zig:5    | Killed a shard shrike
 35138 | Zig:5    | Identified the ring "Ecotsa" {Ice Str+2} (You found it on
                  | level 5 of a ziggurat)
 35141 | Zig:5    | Reached XP level 27. HP: 218/222 MP: 29/33
 35145 | Zig:5    | Identified the +3 hand axe "puimuR's Foe" {freeze, rPois
                  | Will+}
 35149 | Zig:6    | Entered Level 6 of a ziggurat
 35173 | Zig:6    | Identified the amulet of the Duchess {Reflect Dex+2 SH+5}
 35181 | Zig:7    | Entered Level 7 of a ziggurat
 35190 | Zig:8    | Entered Level 8 of a ziggurat
 35223 | Zig:8    | Reached skill level 15 in Translocations
 35242 | Zig:9    | Entered Level 9 of a ziggurat
 35303 | Zig:9    | Found the +15 Maxwell's patent armour {-Cast -Tele rElec
                  | Will+ rCorr}
 35349 | Zig:9    | Identified the staff of Aphazida {rF++ rC+ Ice}
 35351 | Zig:10   | Entered Level 10 of a ziggurat
 35397 | Zig:10   | Identified the +6 executioner's axe of Bodily Harmony
                  | {flame, ^Drain rF+++ MP+9 Stlth+}
 35406 | Zig:10   | Learned a level 4 spell: Manifold Assault
 35469 | Pan      | Entered Pandemonium
 35576 | Pan      | Gained mutation: You are weak. (Str -2) [a neqoxec]
 35586 | Pan      | Noticed Sis Desk the pandemonium lord
 35595 | Pan      | Killed Sis Desk the pandemonium lord
 35605 | Pan      | Gained mutation: You are vulnerable to cold. (rC-) [a
                  | cacodemon]
 35614 | Pan      | Lost mutation: You are weak. (Str -2) [potion of mutation]
 35614 | Pan      | Lost mutation: You are vulnerable to cold. (rC-) [potion of
                  | mutation]
 35614 | Pan      | Gained mutation: You expend magic power (3 MP) to
                  | strengthen your wands. [potion of mutation]
 35614 | Pan      | Gained mutation: Your spells are a little harder to cast,
                  | but a little more powerful. [potion of mutation]
 35614 | Pan      | Gained mutation: Your muscles are strong. (Str +4, Int/Dex
                  | -1) [potion of mutation]
 35727 | Pan      | Lost mutation: Your muscles are strong. (Str +4, Int/Dex
                  | -1) [a neqoxec]
 35749 | Pan      | Noticed Qysy the pandemonium lord
 35750 | Pan      | Gained mutation: You are dopey. (Int -2) [a neqoxec]
 35767 | Pan      | Killed Qysy the pandemonium lord
 35811 | Pan      | Entered the realm of Lom Lobon.
 36095 | Pan      | Got a magical rune of Zot
 36096 | Pan      | Noticed Lom Lobon
 36103 | Pan      | Identified the +8 tower shield "Veobeho" {*Corrode rElec
                  | rF+++ Dex+3}
 36254 | Pan      | Found an exit through the horrors of the Abyss.
 36507 | Pan      | Gained mutation: You are frail. (-10% HP) [a cacodemon]
 36586 | Pan      | Lost mutation: Your spells are a little harder to cast, but
                  | a little more powerful. [potion of mutation]
 36586 | Pan      | Lost mutation: You are frail. (-10% HP) [potion of
                  | mutation]
 36586 | Pan      | Gained mutation: You have a pair of small horns on your
                  | head. [potion of mutation]
 36586 | Pan      | Gained mutation: A frigid envelope surrounds you and
                  | freezes all who hurt you. [potion of mutation]
 36600 | Pan      | Lost mutation: A frigid envelope surrounds you and freezes
                  | all who hurt you. [potion of mutation]
 36600 | Pan      | Lost mutation: You expend magic power (3 MP) to strengthen
                  | your wands. [potion of mutation]
 36600 | Pan      | Gained mutation: Your spells are a little harder to cast,
                  | but a little more powerful. [potion of mutation]
 36600 | Pan      | Gained mutation: You are resistant to electric shocks.
                  | (rElec) [potion of mutation]
 36623 | Pan      | Lost mutation: You are resistant to electric shocks.
                  | (rElec) [potion of mutation]
 36623 | Pan      | Lost mutation: You are dopey. (Int -2) [potion of mutation]
 36623 | Pan      | Lost mutation: Your spells are a little harder to cast, but
                  | a little more powerful. [potion of mutation]
 36623 | Pan      | Gained mutation: Potions are less effective at restoring
                  | your health. [potion of mutation]
 36623 | Pan      | Gained mutation: Your natural rate of healing is unusually
                  | fast. [potion of mutation]
 36665 | Pan      | Found a transporter.
 36871 | Pan      | Noticed Yvuckoynn the pandemonium lord
 36903 | Pan      | Killed Yvuckoynn the pandemonium lord
 37034 | Pan      | Found a runed translucent door.
 37047 | Pan      | Got a demonic rune of Zot
 37079 | Pan      | Entered the realm of Mnoleg.
 37205 | Pan      | Gained mutation: A frigid envelope surrounds you and
                  | freezes all who hurt you. [a neqoxec]
 37213 | Pan      | Gained mutation: You occasionally lose the ability to read
                  | scrolls when taking damage. [a neqoxec]
 37257 | Pan      | Gained mutation: You are weak. (Str -2) [a neqoxec]
 37320 | Pan      | Gained mutation: You are very weak. (Str -4) [a cacodemon]
 37322 | Pan      | Gained mutation: You are clumsy. (Dex -2) [a cacodemon]
 37323 | Pan      | Gained mutation: Your magical capacity is low. (-10% MP) [a
                  | cacodemon]
 37489 | Pan      | Noticed Mnoleg
 37503 | Pan      | Killed Mnoleg
 37527 | Pan      | Gained mutation: Your spells are a little easier to cast,
                  | but a little less powerful. [a cacodemon]
 37575 | Pan      | Got a glowing rune of Zot
 37656 | Pan      | Lost mutation: You are clumsy. (Dex -2) [potion of
                  | mutation]
 37656 | Pan      | Lost mutation: Potions are less effective at restoring your
                  | health. [potion of mutation]
 37656 | Pan      | Lost mutation: You are very weak. (Str -4) [potion of
                  | mutation]
 37656 | Pan      | Gained mutation: You have a somewhat thin skeletal
                  | structure. (Dex +2, Stealth+) [potion of mutation]
 37657 | Pan      | Lost mutation: You occasionally lose the ability to read
                  | scrolls when taking damage. [potion of mutation]
 37657 | Pan      | Lost mutation: You have a somewhat thin skeletal structure.
                  | (Dex +2, Stealth+) [potion of mutation]
 37657 | Pan      | Lost mutation: You have a pair of small horns on your head.
                  | [potion of mutation]
 37657 | Pan      | Gained mutation: You sometimes lose your temper in combat.
                  | [potion of mutation]
 37657 | Pan      | Gained mutation: Your magical capacity is very low. (-20%
                  | MP) [potion of mutation]
 37658 | Pan      | Lost mutation: You sometimes lose your temper in combat.
                  | [potion of mutation]
 37658 | Pan      | Lost mutation: Your spells are a little easier to cast, but
                  | a little less powerful. [potion of mutation]
 37658 | Pan      | Lost mutation: Your magical capacity is very low. (-20% MP)
                  | [potion of mutation]
 37658 | Pan      | Lost mutation: A frigid envelope surrounds you and freezes
                  | all who hurt you. [potion of mutation]
 37658 | Pan      | Gained mutation: You are partially covered in iridescent
                  | scales. (AC +2) [potion of mutation]
 37658 | Pan      | Gained mutation: You have large cloven feet. [potion of
                  | mutation]
 37660 | Pan      | Entered the realm of Gloorx Vloq.
 37817 | Pan      | Noticed Gloorx Vloq
 37826 | Pan      | Killed Gloorx Vloq
 37860 | Pan      | Got a dark rune of Zot
 37924 | Pan      | Found an exit through the horrors of the Abyss.
 38039 | Pan      | Noticed Lom Lobon
 38174 | Pan      | Entered the realm of Cerebov.
 38241 | Pan      | Lost mutation: Your magical capacity is low. (-10% MP)
                  | [potion of mutation]
 38241 | Pan      | Lost mutation: You are partially covered in iridescent
                  | scales. (AC +2) [potion of mutation]
 38241 | Pan      | Gained mutation: You are occasionally teleported next to
                  | monsters. [potion of mutation]
 38241 | Pan      | Gained mutation: You are partially covered in iridescent
                  | scales. (AC +2) [potion of mutation]
 38242 | Pan      | Lost mutation: You are partially covered in iridescent
                  | scales. (AC +2) [potion of mutation]
 38242 | Pan      | Lost mutation: Your natural rate of healing is unusually
                  | fast. [potion of mutation]
 38242 | Pan      | Gained mutation: You are strong-willed. (Will+) [potion of
                  | mutation]
 38242 | Pan      | Gained mutation: Potions are less effective at restoring
                  | your health. [potion of mutation]
 38242 | Pan      | Gained mutation: You have a pair of small antennae on your
                  | head. [potion of mutation]
 38289 | Pan      | Identified the ring "Petaecui" {rPois rF+ MP+9 Str+4
                  | Stlth-}
 38311 | Pan      | Lost mutation: You are occasionally teleported next to
                  | monsters. [potion of mutation]
 38311 | Pan      | Lost mutation: You have large cloven feet. [potion of
                  | mutation]
 38311 | Pan      | Lost mutation: Potions are less effective at restoring your
                  | health. [potion of mutation]
 38416 | Pan      | Found the +6 sword of Cerebov {flame}
 38416 | Pan      | Noticed Cerebov
 38444 | Pan      | Killed Cerebov
 38445 | Pan      | Identified the +3 hand axe of Arbitration {antimagic,
                  | rCorr}
 38494 | Pan      | Got a fiery rune of Zot
 38553 | Pan      | Identified the +3 plate armour "Kicopseu" {Will- Dex+6}
 38574 | Pan      | Found an exit through the horrors of the Abyss.
 38584 | Pan      | Took an exit into the Abyss.
 38584 | Abyss:1  | Escaped into the Abyss
 38706 | Abyss:2  | Found a corrupted altar of Lugonu.
 38786 | Abyss:3  | Gained mutation: You occasionally lose the ability to drink
                  | potions when taking damage. [a neqoxec]
 38884 | Abyss:5  | Found a shimmering altar of Xom.
 38888 | Abyss:5  | Got an abyssal rune of Zot
 38960 | Abyss:5  | Found a corrupted altar of Lugonu.
 39017 | Depths:2 | Escaped the Abyss
 39018 | Depths:2 | Lost mutation: You have a pair of small antennae on your
                  | head. [potion of mutation]
 39018 | Depths:2 | Lost mutation: You are strong-willed. (Will+) [potion of
                  | mutation]
 39018 | Depths:2 | Lost mutation: You are weak. (Str -2) [potion of mutation]
 39018 | Depths:2 | Gained mutation: You occasionally lose the ability to read
                  | scrolls when taking damage. [potion of mutation]
 39018 | Depths:2 | Gained mutation: You sometimes lose the ability to read
                  | scrolls when taking damage. [potion of mutation]
 39018 | Depths:2 | Gained mutation: You passively dampen the noise of your
                  | surroundings. [potion of mutation]
 39019 | Depths:2 | Lost mutation: You occasionally lose the ability to drink
                  | potions when taking damage. [potion of mutation]
 39019 | Depths:2 | Lost mutation: You passively dampen the noise of your
                  | surroundings. [potion of mutation]
 39019 | Depths:2 | Gained mutation: You passively map a small area around you.
                  | [potion of mutation]
 39126 | Hell     | Entered the Vestibule of Hell
 39126 | Hell     | Noticed Geryon
 39347 | Hell     | Killed Geryon
 39432 | Hell     | Noticed Murray
 39450 | Depths:4 | Killed Murray
 39501 | Hell     | Found a gateway to the ashen valley of Gehenna.
 39510 | Geh:1    | Entered Level 1 of Gehenna
 39990 | Geh:7    | Entered Level 7 of Gehenna
 40070 | Geh:7    | Noticed the Serpent of Hell
 40079 | Geh:7    | Killed the Serpent of Hell
 40235 | Geh:7    | Found the +13 sceptre of Asmodeus
 40235 | Geh:7    | Noticed Asmodeus
 40245 | Geh:7    | Killed Asmodeus
 40249 | Geh:7    | Got an obsidian rune of Zot
 40360 | Hell     | Found a gateway to the decaying netherworld of Tartarus.
 40368 | Tar:1    | Entered Level 1 of Tartarus
 41070 | Tar:7    | Entered Level 7 of Tartarus
 41659 | Tar:7    | Noticed Ereshkigal
 41675 | Tar:7    | Paralysed by Ereshkigal for 5 turns
 41688 | Tar:7    | Paralysed by Ereshkigal for 5 turns
 41704 | Tar:7    | Killed Ereshkigal
 41842 | Tar:7    | Identified the +5 orcbow "Ohohaif" {flame, rElec rPois rN+
                  | Dex+8}
 41848 | Tar:7    | Got a bone rune of Zot
 41850 | Tar:7    | Identified the ring of Moquipp {Fire SInv}
 41858 | Tar:7    | Identified the +0 spear of Beogh, Flying {flame, rPois
                  | rCorr Dex-2}
 42017 | Hell     | Found a gateway to the freezing wastes of Cocytus.
 42054 | Hell     | Found a gateway to the Iron City of Dis.
 42064 | Dis:1    | Entered Level 1 of the Iron City of Dis
 42065 | Dis:1    | Lost mutation: You passively map a small area around you.
                  | [potion of mutation]
 42065 | Dis:1    | Lost mutation: You sometimes lose the ability to read
                  | scrolls when taking damage. [potion of mutation]
 42065 | Dis:1    | Lost mutation: You occasionally lose the ability to read
                  | scrolls when taking damage. [potion of mutation]
 42065 | Dis:1    | Gained mutation: Your magical capacity is low. (-10% MP)
                  | [potion of mutation]
 42065 | Dis:1    | Gained mutation: Your spells are a little harder to cast,
                  | but a little more powerful. [potion of mutation]
 42066 | Dis:1    | Lost mutation: Your spells are a little harder to cast, but
                  | a little more powerful. [potion of mutation]
 42066 | Dis:1    | Lost mutation: Your magical capacity is low. (-10% MP)
                  | [potion of mutation]
 42066 | Dis:1    | Gained mutation: You are occasionally teleported next to
                  | monsters. [potion of mutation]
 42067 | Dis:1    | Lost mutation: You are occasionally teleported next to
                  | monsters. [potion of mutation]
 42067 | Dis:1    | Gained mutation: You expend magic power (3 MP) to
                  | strengthen your wands. [potion of mutation]
 42088 | Dis:1    | You fall into a shaft and drop 1 floor!
 42149 | Dis:3    | Identified the +3 tower shield of Abyr {-Cast +Blink Dex+2
                  | Stlth+}
 42695 | Depths:4 | Found a gate to the Realm of Zot.
 42741 | Depths:4 | Got a midnight gem with 1430 turns to spare
 42743 | Zot:1    | Entered Level 1 of the Realm of Zot
 43455 | Dis:6    | Found a corrupted altar of Lugonu.
 43470 | Dis:6    | The Shining One protects you from harm!
 43470 | Dis:6    | HP: 7/162 [iron golem[an iron giant] (9)]
 43479 | Dis:6    | Voluntarily entered the Abyss.
 43479 | Abyss:5  | Found a glowing golden altar of the Shining One.
 43513 | Abyss:5  | Found a corrupted altar of Lugonu.
 43902 | Abyss:5  | Paralysed by accursed screaming for 1 turns
 44180 | Abyss:5  | Gained mutation: Armour fits poorly on your strangely
                  | shaped body. [a neqoxec]
 44181 | Abyss:5  | Gained mutation: You are very frail. (-20% HP) [a neqoxec]
 44336 | Abyss:6  | Lost mutation: Armour fits poorly on your strangely shaped
                  | body. [potion of mutation]
 44336 | Abyss:6  | Lost mutation: You expend magic power (3 MP) to strengthen
                  | your wands. [potion of mutation]
 44336 | Abyss:6  | Gained mutation: You have a pair of small antennae on your
                  | head. [potion of mutation]
 44336 | Abyss:6  | Gained mutation: You are weak. (Str -2) [potion of
                  | mutation]
 44336 | Abyss:6  | Gained mutation: You are resistant to electric shocks.
                  | (rElec) [potion of mutation]
 44337 | Abyss:6  | Lost mutation: You are resistant to electric shocks.
                  | (rElec) [potion of mutation]
 44337 | Abyss:6  | Lost mutation: You are frail. (-10% HP) [potion of
                  | mutation]
 44337 | Abyss:6  | Lost mutation: You have a pair of small antennae on your
                  | head. [potion of mutation]
 44337 | Abyss:6  | Gained mutation: You have supernaturally acute eyesight.
                  | (SInv) [potion of mutation]
 44337 | Abyss:6  | Gained mutation: You have a pair of small horns on your
                  | head. [potion of mutation]
 44465 | Abyss:6  | Paralysed by accursed screaming for 1 turns
 44487 | Abyss:6  | Noticed an ancient lich
 44490 | Abyss:6  | Noticed a dread lich
 44508 | Abyss:6  | Killed a dread lich
 44614 | Abyss:6  | Found a corrupted altar of Lugonu.
 44670 | Abyss:6  | Found a corrupted altar of Lugonu.
 44794 | Abyss:6  | Reached skill level 10 in Spellcasting
 44945 | Abyss:6  | Found a transporter.
 45025 | Abyss:6  | Paralysed by accursed screaming for 1 turns
 45064 | Abyss:7  | Entered Level 7 of the Abyss
 45064 | Abyss:7  | Found a corrupted altar of Lugonu.
 45094 | Abyss:7  | Reached skill level 1 in Shapeshifting
 45236 | Abyss:7  | Reached skill level 5 in Shapeshifting
 45240 | Abyss:7  | Found a corrupted altar of Lugonu.
 45302 | Abyss:7  | Found a corrupted altar of Lugonu.
 45364 | Abyss:7  | Gained mutation: You have hidden genetic defects. [a
                  | neqoxec]
 45385 | Abyss:7  | Paralysed by accursed screaming for 1 turns
 45435 | Abyss:7  | Paralysed by accursed screaming for 1 turns
 45437 | Abyss:7  | Reached skill level 10 in Shapeshifting
 45446 | Abyss:7  | Paralysed by accursed screaming for 2 turns
 45540 | Abyss:7  | Gained mutation: Your body sometimes deteriorates upon
                  | taking damage. [hidden defects]
 45639 | Abyss:7  | Noticed a dread lich
 45681 | Abyss:7  | Killed a dread lich
 45694 | Abyss:7  | Gained mutation: Your health recovers twice as slowly from
                  | being drained. [a neqoxec]
 45696 | Abyss:7  | Gained mutation: You occasionally lose the ability to drink
                  | potions when taking damage. [a neqoxec]
 45698 | Abyss:7  | Gained mutation: You are clumsy. (Dex -2) [a neqoxec]
 45709 | Abyss:7  | Gained mutation: You are frail. (-10% HP) [hidden defects]
 45709 | Abyss:7  | Lost mutation: You have hidden genetic defects. [hidden
                  | defects expressed]
 45763 | Dis:6    | Escaped the Abyss
 45971 | Dis:6    | Reached skill level 15 in Shapeshifting
 46022 | Dis:7    | Entered Level 7 of the Iron City of Dis
 46507 | Dis:7    | Noticed a juggernaut
 46522 | Dis:7    | Killed a juggernaut
 46781 | Dis:7    | Identified the ring "Luwn" {rPois Will+++ MP+9 Str-3}
 47183 | Dis:7    | Noticed a juggernaut
 47203 | Dis:7    | Killed a juggernaut
 47250 | Dis:7    | Noticed a juggernaut
 47264 | Dis:7    | Killed a juggernaut
 47774 | Dis:7    | Noticed Dispater
 47795 | Dis:7    | Killed Dispater
 47796 | Dis:7    | Reached skill level 15 in Spellcasting
 47804 | Dis:7    | Got an iron rune of Zot
 47819 | Dis:7    | Identified the amulet of Lami Awi {Reflect *Corrode rF++
                  | rN+ SH+5}
 47969 | Coc:1    | Entered Level 1 of Cocytus
 48298 | Zot:1    | Noticed an orb of fire
 49013 | Zot:2    | Found a shimmering altar of Xom.
 49013 | Zot:2    | Found a shimmering altar of Xom.
 49113 | Zot:2    | Found a shimmering altar of Xom.
 49113 | Zot:2    | Found a glowing silver altar of Zin.
 49768 | Zot:5    | Entered Level 5 of the Realm of Zot
 50607 | Depths:3 | Noticed Mennas
 50619 | Depths:3 | Killed Mennas
 50844 | Depths:1 | Found an ancient bone altar of Kikubaaqudgha.
 50925 | D:15     | Identified the +3 pair of gloves "Saarakur" {rCorr Int-4
                  | Dex+2}
 51313 | D:13     | Noticed Jorgrun
 51321 | D:13     | Killed Jorgrun
 52159 | Snake:2  | Bought a scroll of revelation for 112 gold pieces
 52159 | Snake:2  | Bought a scroll of fog for 60 gold pieces
 52885 | Elf:2    | Found a runed translucent gate.
 52885 | Elf:2    | Found a runed translucent gate.
 52885 | Elf:2    | Found a runed translucent gate.
 54042 | Crypt:1  | Acquired the +1 hat of Dogma {Str+4 SInv}
 54084 | Crypt:1  | Lost mutation: Your body sometimes deteriorates upon taking
                  | damage. [potion of mutation]
 54084 | Crypt:1  | Lost mutation: You are frail. (-10% HP) [potion of
                  | mutation]
 54084 | Crypt:1  | Lost mutation: Your health recovers twice as slowly from
                  | being drained. [potion of mutation]
 54084 | Crypt:1  | Gained mutation: You expend magic power (3 MP) to
                  | strengthen your wands. [potion of mutation]
 54085 | Crypt:1  | Lost mutation: You are clumsy. (Dex -2) [potion of
                  | mutation]
 54085 | Crypt:1  | Lost mutation: You are weak. (Str -2) [potion of mutation]
 54085 | Crypt:1  | Gained mutation: You are resistant to electric shocks.
                  | (rElec) [potion of mutation]
 54796 | Orc:2    | Bought a scroll of revelation for 97 gold pieces
 54797 | Orc:2    | Bought a phantom mirror for 560 gold pieces
 54799 | Orc:2    | Bought a potion of curing for 33 gold pieces
 54799 | Orc:2    | Bought a potion of curing for 33 gold pieces
 55647 | Coc:7    | Entered Level 7 of Cocytus
 55686 | Coc:7    | Identified the -1 tower shield of the Swamp {^Contam rF-
                  | rN+ Str+8}
 55812 | Coc:7    | Paralysed by a wendigo for 1 turns
 56001 | Coc:7    | Paralysed by a wendigo for 1 turns
 56004 | Coc:7    | Paralysed by a wendigo for 1 turns
 56015 | Coc:7    | Paralysed by a wendigo for 1 turns
 56043 | Coc:7    | Paralysed by a wendigo for 1 turns
 56101 | Coc:7    | Paralysed by a wendigo for 1 turns
 56109 | Coc:7    | Paralysed by a wendigo for 1 turns
 56200 | Coc:7    | Noticed Antaeus
 56216 | Coc:7    | Paralysed by a wendigo for 1 turns
 56223 | Coc:7    | Killed Antaeus
 56406 | Coc:7    | Got an icy rune of Zot
 56426 | Coc:7    | Identified the ring "Lufeg" {Wiz Int+2}
 56752 | Zot:5    | Noticed an orb of fire
 56755 | Zot:5    | Noticed an ancient lich
 56762 | Zot:5    | Gained mutation: Potions are less effective at restoring
                  | your health. [an orb of fire]
 56763 | Zot:5    | Killed an orb of fire
 56763 | Zot:5    | Noticed an orb of fire
 56789 | Zot:5    | Killed an orb of fire
 56792 | Zot:5    | Noticed a dread lich
 56794 | Zot:5    | Killed an ancient lich
 56802 | Zot:5    | Killed a dread lich
 56806 | Zot:5    | Noticed an ancient lich
 56809 | Zot:5    | Noticed a dread lich
 56809 | Zot:5    | Noticed an ancient lich
 56812 | Zot:5    | Killed an ancient lich
 56818 | Zot:5    | Killed a dread lich
 56833 | Zot:5    | Killed an ancient lich
 56851 | Zot:5    | Noticed a dread lich
 56851 | Zot:5    | Noticed an ancient lich
 56873 | Zot:5    | Killed an ancient lich
 56882 | Zot:5    | Killed a dread lich
 56897 | Zot:5    | Noticed an orb of fire
 56911 | Zot:5    | Gained mutation: You are weak. (Str -2) [an orb of fire]
 56917 | Zot:5    | Gained mutation: You are clumsy. (Dex -2) [an orb of fire]
 56920 | Zot:5    | Killed an orb of fire
 57044 | Zot:5    | Noticed an ancient lich
 57059 | Zot:5    | Killed an ancient lich
 57088 | Zot:5    | Got the Orb of Zot
 57199 | Zot:2    | Noticed a seraph
 57477 | D:10     | Noticed Gyafe the pandemonium lord
 57625 | D:3      | Noticed Asyl Gysk the pandemonium lord
 57689 | D:$      | Escaped with the Orb!

Illustrated notes

Levels and vault maps discovered:
D:1:      minmay_arrival_arboretum_large, layout_basic,
          minmay_misc_feat_more_columns, minivault_4
D:2:      layout_basic, st_stairs_9, grunt_ministairs_10,
          chequers_serial_rivers_micro_c
D:3:      layout_loops_ring, chequers_ecumenical_altar_simple,
          uniq_crazy_yiuf_cottage
D:4:      layout_loops_ring, minmay_temple_entry_water_ring,
          minmay_a_box_with_orc_wizards_in_it
D:5:      layout_cave_pods, nicolae_overflow_crystal_walls, portal_sewer_entry_f
D:6:      layout_basic, mainiacjoe_overflow_paths, kennysheep_orc_sif_temple,
          minitemple, hellmonk_no_cap
D:7:      lemuel_slime, layout_basic, uniq_menkaure, uniq_pikel, uniq_jeremiah
D:8:      layout_layer_cave, erik_lair_island
D:9:      minmay_chopped_fan, layout_rooms, minmay_misc_feat_five
D:10:     layout_irregular_city, serial_shops, nicolae_shop_drivethru,
          chequers_serial_rivers_room_a
D:11:     layout_irregular_city, nicolae_transporter_circle
D:12:     layout_big_octagon, minmay_orc_entry_temple_small,
          gauntlet_entry_generic, fiery_altar_vehumet
D:13:     layout_loops_ring, nicolae_gozag_seed_capital, uniq_azrael,
          uniq_jorgrun
D:14:     layout_roguey, david_vaults_4, grunt_decor_fettered, uniq_kirke
D:15:     hangedman_depths_entry_civil_slaughter, layout_cave_pools, hex_medium,
          nicolae_hexahallways, water_boxes_lemuel
Temple:   eino_narrow_crystal_temple
Lair:1:   layout_loops_ring
Lair:2:   layout_long_grid, alex1729_snake_entry_snake,
          nicolae_quartered_pool_medium
Lair:3:   layout_gridlike, alex1729_swamp_entry_worm_eleionoma,
          beast_lair_carwin_6, grunt_megastairs_1, serial_bayou_shore_a,
          uniq_nergalle, uniq_fannar
Lair:4:   layout_layer_cave, slime_entry_2, minmay_lair_oklob_items
Lair:5:   due_jungle_book, layout_loops_ring
Swamp:1:  layout_falls_marsh, infiniplex_staircase_pool_2
Swamp:2:  layout_basic_swamp, nicolae_swamp_stair_fork,
          nicolae_swamp_decorative_isthmus, infiniplex_staircase_pool,
          uniq_donald, uniq_nikola
Swamp:3:  layout_basic_swamp, portal_ice_cave_entry_dragon,
          evilmike_swamp_ruin_house_4
Swamp:4:  swamp_vile, layout_basic_swamp, ebering_ghost_rock_garden, uniq_aizul
Snake:1:  layout_gridlike, serial_shops, shop
Snake:2:  layout_onion_interference, serial_shops, nicolae_shop_peninsula,
          nicolae_snake_bzzzt, nicolae_triple_integral, minmay_shop_star
Snake:3:  layout_onion_interference, basic_altar, nicolae_snake_springs
Snake:4:  grunt_snake_rune_spirals, layout_onion_interference, lemuel_fruit_tree
Slime:1:  layout_caves
Slime:2:  nicolae_slime_jelly_donut, layout_caves, nicolae_slime_barrier
Slime:3:  layout_caves
Slime:4:  layout_caves
Slime:5:  slime_pit_nicolae_amoeboid
Orc:1:    layout_caves, basic_altar, serial_shops,
          nicolae_shop_pleasant_corner_grove, shop, nicolae_square_shop,
          nicolae_shop_industrial_runoff, shop, uniq_maurice
Orc:2:    st_orc_rangers, layout_caves, basic_altar, ebering_ghost_inner_flame,
          uniq_josephine
Elf:1:    eino_elf_arrival_shootout, layout_gridlike, serial_co_window_serial,
          co_window_corner_a, co_window_cross_1, co_window_of_opportunity_a,
          co_window_paths_a, co_window_paths_a, co_window_of_opportunity_a,
          co_window_of_opportunity_a, co_window_corner_a, co_window_corner_a,
          co_window_2corner, co_window_paths_c, co_window_unsneaky_path_a,
          co_window_4corner_b, glass_columns_b, glass_columns_a,
          glass_columns_a, glass_columns_c
Elf:2:    nicolae_elf_blades_splatter_lattice
          [nicolae_blade_entry_sentries_behind_glass], layout_geoelf_octagon
Elf:3:    nooodl_elf_gasket, layout_geoelf_castle, st_stairs_6
Vaults:1: v_rooms_4, hangedman_vaults_locks,
          nicolae_vaults_trapezoid_lopsided_2, nicolae_vaults_trapezoid_2,
          nicolae_vaults_trapezoid_lopsided_3, v_alt_pattern_6,
          vaults_room_pool, layout_vaults_omnigrid
Vaults:2: vaults_room_door_ring, v_misc_3, nicolae_vaults_doubleplus_tesselated,
          nicolae_vaults_triangles, nicolae_vaults_mush_room,
          nicolae_vaults_sesquioval_fish, nicolae_vaults_six-pack,
          nicolae_vaults_house_1, v_misc_11, vaults_room_pool,
          vaults_room_semicircle, layout_vaults_big_room
Vaults:3: v_pattern_1, nicolae_vaults_big_angled_halls,
          nicolae_vaults_yaktaur_gun_rack, v_misc_26,
          nicolae_vaults_trapezoid_lopsided_2, serial_ice_m,
          hangedman_vaults_trim, nicolae_vaults_tetromino_Z_1,
          nicolae_vaults_tetromino_L_1, nicolae_vaults_shelves_hall,
          layout_vaults_omnicross, uniq_margery, uniq_sojobo
Vaults:4: hangedman_vaults_trim, nicolae_vaults_mitosis,
          nicolae_vaults_network_quinsquares
          [nicolae_vaults_network_quincunx_subvault,
          nicolae_vaults_network_quincunx_subvault,
          nicolae_vaults_network_quincunx_subvault,
          nicolae_vaults_network_quincunx_subvault], v_misc_18,
          gammafunk_the_bubble [the_bubble_gammafunk_crates],
          nicolae_vaults_mini_display_case, v_misc_3,
          ontoclasm_vaults_misaligned, layout_vaults_maze_bifur, uniq_xtahua
Vaults:5: uniq_bai_suzhen
Crypt:1:  layout_misc_corridors, lemuel_upstairs_altar,
          grunt_crypt_arrival_guarded_gate, grunt_megastairs_3, uniq_khufu
Crypt:2:  minmay_skeleton_keep, layout_chaotic_city, lemuel_hellish_altar,
          roderic_lattice_octagonal_star, uniq_grunn
Crypt:3:  david_glass_crypt, layout_chaotic_city,
          nicolae_tomb_entry_rubble_hallway, uniq_frederick
Tomb:1
Tomb:2
Tomb:3
Depths:1: layout_gridville, abyss_entry, pan_entry,
          kennysheep_decorative_pillar, hell_entry, minmay_misc_feat_columns,
          kiku_gazebo_pond_becter, minmay_shoptagon, serial_bayou_shore_b,
          kennysheep_random_hallway, firewood_loft, uniq_saint_roka, uniq_mara
Depths:2: hellmonk_destroyed_diamonds, layout_honeycomb, enter_ziggurat_f,
          pf_hell_entry_tar_river, rand_demon_pan_entry_8, minmay_misc_feat_x,
          st_stairs_1, infiniplex_staircase_zigzag_3
Depths:3: nzn_winding_woodlands_three_and_one
          [nzn_winding_woodlands_5x15_lazy_stream,
          nzn_winding_woodlands_5x15_eye, nzn_winding_woodlands_5x15_default,
          nzn_winding_woodlands_center_garden], layout_gridlike, hell_entry,
          nicolae_dithmenos_the_darkroom, abyss_entry, solitary_fountain,
          cheibrodos_ashenzari_chains, minmay_staircase_windowed_large,
          uniq_mennas
Depths:4: grunt_zot_entry_bicorn, layout_gridlike, hell_entry,
          abyss_entry_glasseish
Hell
Dis:1:    layout_subdivisions
Dis:2:    layout_regular_city
Dis:3:    layout_jigsaw
Dis:4:    layout_subdivisions, hangedman_dis_chains
Dis:5:    layout_jigsaw
Dis:6:    nicolae_hells_demon_pit, layout_regular_city,
          amcnicky_altar_lugonu_corruption
Dis:7:    dis_grunt_layers
Geh:1:    layout_gehenna_pools_triple
Geh:2:    layout_gehenna_pools_box
Geh:3:    layout_gehenna_lava_caves
Geh:4:    nicolae_geh_realm_of_the_lava_sea
Geh:5:    layout_gehenna_lava_caves
Geh:6:    layout_gehenna_lava_caves
Geh:7:    geh_grunt_pentagon
Coc:1:    layout_cocytus_water_paths
Coc:2:    nicolae_coc_through_the_icewall, layout_cocytus_water_paths
Coc:3:    layout_cocytus_delve, nicolae_coc_statues_of_limitations
Coc:4:    layout_ice_bergs
Coc:5:    layout_ice_bergs
Coc:6:    layout_cocytus_water_paths
Coc:7:    coc_grunt_cove [coc_grunt_cove_antaeus, coc_grunt_cove_fiend,
          coc_grunt_cove_fiend, coc_grunt_cove_fiend, coc_grunt_cove_fiend]
Tar:1:    hangedman_restless_catacombs
Tar:2:    layout_cathedral_of_symmetry
Tar:3:    layout_honeycomb, nicolae_tar_stay_or_leave
Tar:4:    layout_cathedral_of_symmetry
Tar:5:    layout_honeycomb
Tar:6:    layout_cathedral_of_symmetry
Tar:7:    tar_minmay_river
Zot:1:    dreamdust_black_sun_cult, layout_twisted_circle,
          hangedman_zot_decor_scrapings
Zot:2:    dreamdust_zin_vs_xom, layout_twisted_circle,
          regret_index_zotdec_fiery_em, st_small_dragon_hoard_2
Zot:3:    layout_basic, regret_index_zotdec_dark_gr, grunt_ministairs_10
Zot:4:    layout_misc_corridors, regret_index_zotdec_twisting_globes
Zot:5:    layout_basic, gammafunk_ghost_tricky_traps

Skill      XL: |  1  2  3  4  5  6  7  8  9 10 11 12 13 14 15 16 17 18 19 20 21 22 23 24 25 26 27 |
---------------+----------------------------------------------------------------------------------+-----
Axes           | 3 4 5 8 10 12 14 16 17 18 20 23 24 26 | 26.0
Fighting       | 4 5 6 7 9 10 11 12 13 15 16 19 25 | 25.3
Armour         | 3 4 6 8 10 13 15 17 19 24 | 24.0
Invocations    | 4 5 12 14 | 14.0
Dodging        | 7 9 12 13 17 19 25 | 25.1
Conjurations   | 2 |  2.5
Air Magic      | 2 |  2.5
Alchemy        | 2 |  2.5
Shields        | 5 7 8 10 14 15 20 | 20.0
Evocations     | 2 5 |  5.0
Spellcasting   | 4 6 26 | 26.8
Throwing       | 4 5 8 |  8.0
Translocations | 7 14 17 | 17.2
Shapeshifting  | 16 | 16.9
Stealth        | |  5.7

Action                     |  1- 3 |  4- 6 |  7- 9 | 10-12 | 13-15 | 16-18 | 19-21 | 22-24 | 25-27 || total
---------------------------+-------+-------+-------+-------+-------+-------+-------+-------+-------++-------
  Melee: Hand axe          |    18 |   139 |       |       |       |       |       |       |       ||   157
         Punch             |       |     2 |     4 |    15 |       |       |       |       |       ||    21
         Dagger            |       |    25 |    48 |     7 |     1 |       |       |       |       ||    81
         Trident           |       |       |   223 |   787 |    91 |       |       |       |       ||  1101
         Flail             |       |       |       |    70 |       |       |       |       |       ||    70
         Broad axe         |       |       |       |       |   898 |  1358 |  1499 |  1618 |  3609 ||  8982
         Demon trident     |       |       |       |       |       |     1 |       |       |       ||     1
         Executioner's axe |       |       |       |       |       |       |       |       |  2110 ||  2110
         Headbutt          |       |       |       |       |       |       |       |       |  1298 ||  1298
   Fire: Sling             |       |    46 |    69 |    34 |       |       |       |       |       ||   149
  Throw: Throwing net      |     1 |     1 |       |       |       |       |       |     1 |       ||     3
         Dart              |       |     8 |     8 |    30 |     2 |       |     2 |       |     3 ||    53
         Javelin           |       |       |       |       |       |       |       |     4 |       ||     4
   Cast: Mephitic Cloud    |       |       |       |     5 |     6 |       |       |       |       ||    11
         Apportation       |       |       |       |       |       |       |       |    46 |    98 ||   144
         Passage of Golubr |       |       |       |       |       |       |       |       |    10 ||    10
         Manifold Assault  |       |       |       |       |       |       |       |       |     1 ||     1
 Invoke: Heroism           |       |       |     9 |    24 |    15 |    25 |    32 |     9 |       ||   114
         Finesse           |       |       |       |     2 |       |     2 |     3 |     5 |       ||    12
         Receive Weapon    |       |       |       |       |     1 |       |       |       |       ||     1
         Receive Armour    |       |       |       |       |     1 |       |       |       |       ||     1
         Divine Shield     |       |       |       |       |       |       |       |    16 |    73 ||    89
         Cleansing Flame   |       |       |       |       |       |       |       |     2 |       ||     2
         Summon Divine War |       |       |       |       |       |       |       |    20 |    87 ||   107
         Renounce Religion |       |       |       |       |       |       |       |     1 |       ||     1
         Brand Weapon With |       |       |       |       |       |       |       |     1 |       ||     1
Ability: Begin Untransform |       |       |       |       |       |       |       |       |     1 ||     1
  Evoke: Wand              |     5 |    10 |     2 |    10 |     3 |    24 |     7 |       |    32 ||    93
         Phial of floods   |       |       |       |     1 |       |       |       |     1 |       ||     2
         Figurine of a zig |       |       |       |       |       |       |       |     1 |       ||     1
    Use: Scroll            |     1 |     7 |       |    10 |     9 |    11 |    10 |    29 |    56 ||   133
         Potion            |       |     2 |     1 |     2 |       |     6 |     6 |    23 |    48 ||    88
   Stab: Sleeping          |       |    21 |     3 |     4 |     8 |       |     1 |       |       ||    37
         Distracted        |       |     1 |       |       |     2 |       |       |       |       ||     3
         Invisible         |       |       |     1 |       |       |       |       |       |       ||     1
         Paralysed         |       |       |       |    12 |     1 |     9 |       |       |       ||    22
         Confused          |       |       |       |     5 |     6 |       |       |       |       ||    11
 Armour: Leather armour    |    11 |   112 |    61 |       |       |       |       |       |       ||   184
         Ring mail         |       |       |    99 |    23 |       |       |       |       |       ||   122
         Troll leather arm |       |       |       |   412 |   192 |       |       |       |       ||   604
         Chain mail        |       |       |       |       |   236 |   675 |       |       |       ||   911
         Plate armour      |       |       |       |       |       |    26 |   236 |    19 |   175 ||   456
         Pearl dragon scal |       |       |       |       |       |       |   492 |   862 |       ||  1354
         Gold dragon scale |       |       |       |       |       |       |       |       |  3936 ||  3936
         Skin              |       |       |       |       |       |       |       |       |    42 ||    42
  Dodge: Dodged            |     6 |   101 |   132 |   477 |   294 |   428 |   457 |   654 |  2692 ||  5241
         Repelled          |       |       |       |       |       |       |       |       |    48 ||    48
  Block: Other             |       |     4 |    50 |    80 |       |       |       |       |   355 ||   489
         Reflection        |       |       |     1 |    43 |    30 |   112 |       |       |       ||   186
         Kite shield       |       |       |       |   412 |   814 |   889 |       |       |       ||  2115
         Tower shield      |       |       |       |       |       |   373 |  1445 |  1908 |  4220 ||  7946
   Form: Statue            |       |       |       |       |       |       |       |       |     1 ||     1
